 Dungeon Crawl Stone Soup version 0.30-a0-142-g7370640ec8 (webtiles) character file.

Game seed: 10095430108799063904

327639 qw the Tortoise (level 21, -21/141 HPs)
             Began as a Gargoyle Fighter on Sept 25, 2022.
             Was a High Priest of Okawaru.
             Demolished by Josephina
             ... wielding a staff of cold
              (28 damage)
             ... on level 2 of the Depths.
             The game lasted 00:21:02 (41706 turns).

qw the Tortoise (Gargoyle Fighter)                 Turns: 41706, Time: 00:21:03

Health: -21/141    AC: 73    Str: 39    XL:     21   Next: 67%
Magic:  22/25      EV: 19    Int: 10    God:    Okawaru [*****.]
Gold:   3385       SH: 28    Dex:  9    Spells: 20/20 levels left

rFire   x . .      SeeInvis .    o - +8 broad axe (vamp)
rCold   . . .      Faith    .    r - +1 tower shield {AC+3}
rNeg    + . .      Spirit   .    H - +6 crystal plate armour of the Will of the Gods {Rampage rPois rF- Str+3}
rPois   inf        Reflect  +    G - +2 helmet "Bifit" {rCorr Str+6 Stlth+}
rElec   +          Harm     .    b - +2 cloak
rCorr   +          Rampage  +    u - +2 pair of gloves
Will    +....                    x - +2 pair of boots
Stlth   ..........               f - amulet of reflection
HPRegen 0.33/turn                B - +4 ring of evasion
MPRegen 0.19/turn                A - +4 ring of evasion

@: heroic, finesse-ful, frozen, flying, very slow
A: sickness immunity, AC +16, big wings, negative energy resistance 1,
electricity resistance, torment resistance 1, petrification resistance,
iridescent scales 1, low MP 1
}: 2/15 runes: serpentine, barnacled
a: Renounce Religion, Heroism, Finesse, Duel


You were on level 2 of the Depths.
You worshipped Okawaru.
Okawaru was extremely pleased with you.
You visited 8 branches of the dungeon, and saw 37 of its levels.
You visited the Abyss 3 times.

You collected 5940 gold pieces.
You spent 2555 gold pieces at shops.


Innate Abilities, Weirdness & Mutations

You are immune to sickness and miasma.
Your stone body is resilient. (AC +16)
You are immune to poison.
Your large and strong wings let you fly.
You resist negative energy. (rN+)
You are resistant to electric shocks. (rElec)
You are resistant to unholy torment.
You are immune to petrification.
You are partially covered in iridescent scales. (AC +2)
Your magical capacity is low. (-10% MP)


   Skills:
 - Level 18.0(23.0) Fighting
 - Level 18.0(23.0) Axes
 - Level 10.0(15.0) Throwing
 + Level 20.4(25.4) Armour
 - Level 5.0(10.0) Dodging
 - Level 19.7(24.7) Shields
 - Level 10.0 Invocations


You had 20 spell levels left.
You didn't know any spells.
Your spell library was empty.

Inventory:

Hand Weapons
 o - a +8 vampiric broad axe (weapon)
 C - the +5 broad axe "Vuhugry" {antimagic, rF+ Int+4 Dex+3}
   (Okawaru gifted it to you on level 14 of the Dungeon)

   It reduces the magical energy of the wielder, and disrupts the spells and
   magical abilities of those it strikes.
   Natural abilities and divine invocations are not affected.
   Int:       It affects your intelligence (+4).
   Dex:       It affects your dexterity (+3).
   rF:        It protects you from fire.
Missiles
 a - 8 javelins
 e - 31 boomerangs
 q - 2 silver javelins (quivered)
Armour
 b - a +2 cloak (worn)
 r - a +1 tower shield of protection (worn)
 u - a +2 pair of gloves (worn)
 v - the +0 pair of gloves of Piri {rCorr Int+3 Dex+4}
   (Okawaru gifted it to you on level 2 of the Lair of Beasts)

   Int:       It affects your intelligence (+3).
   Dex:       It affects your dexterity (+4).
   rCorr:     It protects you from acid and corrosion.
 x - a +2 pair of boots (worn)
 y - +0 fire dragon scales
 D - the +1 cloak of Complete Protection {rPois rC++}
   (Okawaru gifted it to you on level 2 of the Depths)

   rC:        It greatly protects you from cold.
   rPois:     It protects you from poison.
 G - the +2 helmet "Bifit" (worn) {rCorr Str+6 Stlth+}
   (Okawaru gifted it to you on level 1 of the Shoals)

   Str:       It affects your strength (+6).
   rCorr:     It protects you from acid and corrosion.
   Stlth:     It makes you more stealthy.
 H - the +6 crystal plate armour of the Will of the Gods (worn) {Rampage rPois rF- Str+3}
   (Okawaru gifted it to you on level 2 of the Shoals)

   Str:       It affects your strength (+3).
   rF:        It makes you vulnerable to fire.
   rPois:     It protects you from poison.
   Rampage:   It bestows one free step when moving towards enemies.
Jewellery
 c - a ring of protection from fire
 f - an amulet of reflection (around neck)
 t - a ring of fire
 A - a +4 ring of evasion (right hand)
 B - a +4 ring of evasion (left hand)
 E - a ring of resist corrosion
Wands
 m - a wand of digging (15)
Scrolls
 h - 9 scrolls of identify
 i - 10 scrolls of teleportation
 I - a scroll of brand weapon
Potions
 d - 7 potions of might
 g - 12 potions of mutation
 j - 5 potions of resistance
 k - 8 potions of heal wounds
 l - 19 potions of curing
 n - 4 potions of cancellation
 p - 3 potions of lignification
 s - 3 potions of haste
 w - 5 potions of attraction
 z - 3 potions of magic

Dungeon Overview and Level Annotations

Branches:
Dungeon (15/15)            Temple (1/1) D:6            Lair (5/5) D:8
 Shoals (4/4) Lair:2        Snake (4/4) Lair:2        Slime (0/5) Lair:4
    Orc (2/2) D:12            Elf (0/3) Orc:2        Vaults (4/5) D:14
  Crypt (0/3) Vaults:3     Depths (2/4) D:15

Altars:
Ashenzari
Cheibriados
Dithmenos
Elyvilon
Fedhas
Gozag
Hepliaklqana
Kikubaaqudgha
Makhleb
Nemelex Xobeh
Okawaru
Qazlal
Ru
Sif Muna
Trog
Uskayaw
Vehumet
Wu Jian
Xom
Yredelemnul
Zin
The Shining One

Shops:
D:6 *   D:8 :   D:12 (   D:13 *   Orc:1 ?   Orc:2 *=(!**:   Shoals:2 ?
Snake:1 *[   Snake:3 ::=   Vaults:1 *   Vaults:2 [   Vaults:3 (   Vaults:4 ([(
Depths:1 *

Portals:
Hell: Depths:1 Depths:2
Abyss: Vaults:4
Ziggurat: Depths:1

Annotations:
D:6 3 runed translucent doors, qw's ghost, novice GrFi
D:14 1 runed translucent door, Qymaymp's ghost, adept GrEE
Snake:1 1 runed translucent door, Romunoh's ghost, adept SpBr
Snake:3 2 transporters, mif's ghost, journeyman MiBe
Snake:4 1 runed translucent door, Zoimialu's ghost, adept OpHW
Vaults:2 3 runed translucent doors, qw's ghost, adept GrFi
Vaults:4 2 transporters, Xafer's ghost, adept DsGl
Depths:2 Josephina


Message History

You hit Josephina.
Josephina is lightly damaged.
You slice Josephina!!
Josephina is moderately damaged.
You slash Josephina!
Josephina is heavily damaged.
You block Josephina's attack. x2
You closely miss Josephina.
Josephina is heavily damaged.
You barely miss Josephina.
Josephina is heavily damaged.
Josephina hits you but does no damage. Josephina freezes you!
Josephina touches you but does no damage.
You closely miss Josephina.
Josephina is heavily damaged.
You slice Josephina!!
Josephina is severely damaged.
You closely miss Josephina.
Josephina is severely damaged.
You slash Josephina!
Josephina is severely damaged.
The ice encasing you melts away. Josephina casts a spell at you.
The flash freeze hits you!!
You are encased in ice.
You barely miss Josephina.
Josephina is severely damaged.
You closely miss Josephina.
Josephina is severely damaged.
You slice Josephina!!
Josephina is almost destroyed.
Josephina hits you but does no damage. Josephina freezes you!!
You block Josephina's attack.
You slash Josephina!
Josephina is almost destroyed.
You closely miss Josephina.
Josephina is almost destroyed.
Josephina hits you with a staff of cold!
Josephina freezes you!!! Josephina freezes you!!
You die...

..........#~~~~~~~#...
.........#~..7..~#...
........#~.#.#[~#...
#......#~7.#.7.'...
#...L..#~.#.#.~#...
#..)...#~..7..~#...
##...#~~~~~~~#...
##L...#########...
#@................
###............(....
#...................
###...#............#
###.#....###....##
##.........#...##
#....##....##.##
#.....##...####
#......###.##


You could see Josephina.

Vanquished Creatures
  Bai Suzhen (Vaults:4)
  A golden dragon (Depths:2)
  A Hell Sentinel (Vaults:4)
  A lich (Depths:1)
  2 titans (Depths:2)
  2 tentacled starspawn
  Gastronok (D:10)
  A sphinx (Depths:2)
  An Executioner (Vaults:4)
  Polyphemus (Shoals:4)
  3 nagarajas
  Roxanne (Shoals:1)
  Ilsuiw (Shoals:3)
  3 fire giants
  10 vault wardens
  2 frost giants
  Aizul (Snake:4)
  Louise (Shoals:4)
  4 stone giants
  12 very ugly things
  4 ironbound thunderhulks
  14 ironbound preservers
  A deep elf annihilator (Vaults:1)
  7 dire elephants (Vaults:1)
  Azrael (D:12)
  4 merfolk javelineers
  5 fire dragons
  9 merfolk impalers
  An ettin (Depths:1)
  7 yaktaur captains
  3 ice dragons
  3 deep elf high priests (Vaults:1)
  6 great orbs of eyes
  7 vault guards
  A hydra (Lair:5)
  2 rakshasas
  6 ironbound frosthearts
  3 catoblepae
  3 salamander tyrants (Snake:4)
  7 anacondas
  A juggernaut simulacrum (Depths:2)
  3 ogre magi
  5 satyrs
  5 merfolk avatars
  10 centaur warriors
  8 merfolk aquamancers
  9 two-headed ogres
  A death knight (D:15)
  An alligator snapping turtle (Shoals:2)
  18 naga warriors
  8 boulder beetles
  2 deep troll shamans (Depths:1)
  10 death yaks
  6 tengu warriors
  2 vampire magi
  3 deep troll earth magi (Depths:1)
  4 thrashing horrors
  15 naga sharpshooters
  5 shock serpents
  A sun demon (Abyss:3)
  Sonja (Lair:3)
  3 salamander mystics
  A wretched star (Abyss:2)
  A sea snake (shapeshifter) (Depths:2)
  4 iron trolls (Depths:1)
  Pikel (D:8)
  48 deep trolls
  A glowing orange brain (Depths:2)
  10 ironbound convokers
  A spriggan simulacrum (Depths:2)
  7 sea snakes
  16 wizards
  5 naga ritualists
  A phantasmal warrior (Vaults:1)
  An orc knight (Orc:1)
  7 lindwurms
  16 manticores
  2 necromancers
  42 harpies
  A mana viper (shapeshifter) (D:13)
  A tengu skeleton (Vaults:2)
  6 mana vipers
  A fire giant zombie (Vaults:2)
  An orc sorcerer (Orc:1)
  9 cyclopes
  25 fauns
  An elephant (shapeshifter) (Vaults:1)
  10 elephants
  Maurice (D:8)
  34 ugly things
  2 guardian serpents
  26 black mambas
  9 salamanders
  16 naga magi
  10 merfolk sirens
  Joseph (D:8)
  9 water nymphs
  16 vault sentinels
  An orange demon (Abyss:2)
  9 cane toads
  2 smoke demons (Abyss:2)
  A human skeleton (Vaults:2)
  A storm dragon simulacrum (Vaults:2)
  A torpor snail (Lair:2)
  2 gargoyles (D:12)
  Maggie (D:8)
  2 efreet
  A kobold demonologist (D:12)
  3 tengu conjurers
  4 komodo dragons
  2 rime drakes
  An unseen horror (D:13)
  12 yaktaurs
  40 merfolk
  Prince Ribbit (Lair:2)
  Grinder (D:5)
  5 polar bears
  4 hornets (Lair:5)
  15 trolls
  6 wind drakes
  37 slime creatures
  9 snapping turtles
  15 blink frogs
  6 dream sheep
  An ettin skeleton (Vaults:2)
  A shadow (D:11)
  A ynoxinul (Abyss:2)
  3 flying skulls (Abyss:2)
  13 spriggans (Lair:5)
  Eustachio (D:5)
  22 water elementals
  A wraith (D:14)
  48 yaks
  2 wyverns
  3 fire elementals (D:12)
  18 humans
  4 basilisks
  3 hogs (D:10)
  4 steam dragons
  7 small abominations
  5 vampire mosquitoes
  38 nagas
  5 large abominations
  3 wargs
  10 water moccasins
  A hell hound (D:12)
  10 black bears
  17 orc warriors
  2 ice beasts (D:5)
  26 ogres
  4 boggarts (Lair:5)
  11 centaurs
  26 wolves
  2 lemures (D:8)
  4 kobold brigands
  10 bullfrogs
  2 gnoll sergeants
  3 scorpions
  A necrophage (D:4)
  7 wights
  4 electric eels (Lair:4)
  A howler monkey (D:9)
  4 jellies
  3 hounds
  A jelly (shapeshifter) (D:14)
  A gnoll bouda (D:5)
  15 orc priests
  4 iguanas
  Ijyb (D:4)
  18 orc wizards
  10 gnolls
  8 adders
  A shadow imp (D:7)
  An ufetubus (D:4)
  5 worms
  A dart slug (D:4)
  61 orcs
  4 bats
  7 endoplasms
  2 giant cockroaches (D:4)
  8 goblins
  6 hobgoblins
  20 kobolds
  4 quokkas (D:2)
  7 ball pythons
  5 frilled lizards
  3 rats
  4 starspawn tentacles
1318 creatures vanquished.

Vanquished Creatures (others)
  A nagaraja (Snake:4)
  A manticore (Shoals:3)
  A water elemental (Shoals:3)
  3 nagas (Snake:4)
  34 fungi
  116 plants
  6 starspawn tentacles
162 creatures vanquished.

Grand Total: 1480 creatures vanquished

Notes
Turn   | Place    | Note
-------+----------+-------------------------------------------
     0 | D:1      | qw the Gargoyle Fighter began the quest for the Orb.
     0 | D:1      | Reached XP level 1. HP: 14/14 MP: 1/1
     0 | D:1      | 0 ||| qw: Version: 0.2-a-10-g399e6c4
     0 | D:1      | 0 ||| qw: Game counter: 406
     0 | D:1      | 0 ||| qw: Always use a shield: true
     0 | D:1      | 0 ||| qw: God list: Okawaru
     0 | D:1      | 0 ||| qw: Allow faded altars: false
     0 | D:1      | 0 ||| qw: Do Orc after D:15 true
     0 | D:1      | 0 ||| qw: Do second Lair branch before Depths: true
     0 | D:1      | 0 ||| qw: Lair rune preference: random
     0 | D:1      | 0 ||| qw: Plans: Normal, Zot:1-4, God:TSO, Crypt, Tomb,
                  | Pan, Slime:5, Hells, Abyss, Orb
     0 | D:1      | 0 ||| PLANNING D:1-11
   523 | D:1      | Reached XP level 2. HP: 18/19 MP: 2/2
   535 | D:1      | Found a faded altar of an unknown god.
   718 | D:1      | 718 ||| Stepping ~*~*~tactically~*~*~ (stealth).
  1008 | D:1      | 1008 ||| UPGRADING to amulet of reflection.
  1013 | D:1      | 1013 ||| READING scroll labelled QAXO GONGETO.
  1063 | D:1      | 1063 ||| READING scroll labelled NISOTY METI.
  1068 | D:1      | 1068 ||| READING scroll labelled REISMES TAFE.
  1069 | D:1      | 1069 ||| DRINKING 2 murky red potions.
  1069 | D:1      | Gained mutation: Your magical capacity is low. (-10% MP)
                  | [potion of mutation]
  1069 | D:1      | Gained mutation: You are dopey. (Int -2) [potion of
                  | mutation]
  1069 | D:1      | Gained mutation: You are partially covered in iridescent
                  | scales. (AC +2) [potion of mutation]
  1069 | D:1      | Lost mutation: You are dopey. (Int -2) [potion of mutation]
  1152 | D:2      | Reached skill level 3 in Axes
  1152 | D:2      | Reached XP level 3. HP: 23/23 MP: 2/2
  1702 | D:3      | Reached XP level 4. HP: 28/28 MP: 3/3
  1730 | D:3      | 1730 ||| Stepping ~*~*~tactically~*~*~ (stealth).
  1734 | D:3      | 1734 ||| Stepping ~*~*~tactically~*~*~ (stealth).
  1736 | D:3      | 1736 ||| FLEEEEING.
  1740 | D:3      | 1740 ||| FLEEEEING.
  1741 | D:3      | 1741 ||| FLEEEEING.
  1742 | D:3      | 1742 ||| FLEEEEING.
  1743 | D:3      | 1743 ||| FLEEEEING.
  1949 | D:3      | 1949 ||| DROPPING +0 club.
  2082 | D:3      | Found a burning altar of Makhleb.
  2082 | D:3      | Noticed a balrug
  2107 | D:3      | 2107 ||| READING scroll labelled YCZICSU FOC.
  2108 | D:3      | 2108 ||| READING scroll labelled KAACRI YGGEOGG.
  2109 | D:3      | 2109 ||| READING scroll labelled HEPAEKL KAPN.
  2136 | D:4      | 2136 ||| Stepping ~*~*~tactically~*~*~ (stealth).
  2239 | D:4      | 2239 ||| Stepping ~*~*~tactically~*~*~ (stealth).
  2248 | D:4      | 2248 ||| Stepping ~*~*~tactically~*~*~ (stealth).
  2249 | D:4      | 2249 ||| Stepping ~*~*~tactically~*~*~ (stealth).
  2261 | D:4      | 2261 ||| Stepping ~*~*~tactically~*~*~ (stealth).
  2262 | D:4      | 2262 ||| Stepping ~*~*~tactically~*~*~ (stealth).
  2263 | D:4      | 2263 ||| Stepping ~*~*~tactically~*~*~ (stealth).
  2274 | D:4      | 2274 ||| FLEEEEING.
  2455 | D:4      | 2455 ||| Stepping ~*~*~tactically~*~*~ (stealth).
  2515 | D:4      | Reached XP level 5. HP: 26/32 MP: 4/4
  2547 | D:4      | 2547 ||| Stepping ~*~*~tactically~*~*~ (stealth).
  2548 | D:4      | 2548 ||| Stepping ~*~*~tactically~*~*~ (stealth).
  2585 | D:4      | 2585 ||| Stepping ~*~*~tactically~*~*~ (stealth).
  2681 | D:4      | Noticed Ijyb
  2682 | D:4      | 2682 ||| Stepping ~*~*~tactically~*~*~ (hiding).
  2688 | D:4      | Killed Ijyb
  2731 | D:4      | 2731 ||| Stepping ~*~*~tactically~*~*~ (stealth).
  2741 | D:4      | Reached XP level 6. HP: 29/38 MP: 5/5
  3254 | D:4      | Reached skill level 1 in Dodging
  3324 | D:4      | 3324 ||| DROPPING +0 whip.
  3355 | D:4      | 3355 ||| READING 4 scrolls of identify.
  3355 | D:4      | 3355 ||| IDENTIFYING grey potion
  3356 | D:4      | 3356 ||| READING 3 scrolls of identify.
  3356 | D:4      | 3356 ||| IDENTIFYING bubbling coppery potion
  3357 | D:4      | 3357 ||| READING 2 scrolls of identify.
  3357 | D:4      | 3357 ||| IDENTIFYING clear potion
  3358 | D:4      | 3358 ||| DROPPING potion of flight.
  3363 | D:5      | Entered Level 5 of the Dungeon
  3375 | D:5      | 3375 ||| STAIRDANCE
  3466 | D:5      | Noticed Grinder
  3470 | D:5      | 3470 ||| FLEEEEING.
  3471 | D:5      | 3471 ||| FLEEEEING.
  3472 | D:5      | 3472 ||| FLEEEEING.
  3475 | D:5      | 3475 ||| STAIRDANCE
  3543 | D:5      | Paralysed by Grinder for 2 turns
  3549 | D:5      | Paralysed by Grinder for 4 turns
  3553 | D:5      | Killed Grinder
  3554 | D:5      | Reached skill level 6 in Axes
  3554 | D:5      | Reached XP level 7. HP: 16/43 MP: 6/6
  3764 | D:5      | Noticed Eustachio
  3790 | D:5      | Killed Eustachio
  3860 | D:5      | 3860 ||| Stepping ~*~*~tactically~*~*~ (hiding).
  3861 | D:5      | 3861 ||| Stepping ~*~*~tactically~*~*~ (hiding).
  3865 | D:5      | 3865 ||| Stepping ~*~*~tactically~*~*~ (hiding).
  4029 | D:5      | Reached XP level 8. HP: 24/50 MP: 7/7
  4242 | D:5      | Reached skill level 1 in Throwing
  4898 | D:5      | 4898 ||| Stepping ~*~*~tactically~*~*~ (hiding).
  4899 | D:5      | 4899 ||| Stepping ~*~*~tactically~*~*~ (hiding).
  5364 | D:5      | 5364 ||| READING scroll labelled ROLOEFEUJEA.
  5364 | D:5      | Identified a scroll of acquirement
  5364 | D:5      | 5364 ||| ACQUIRING +2 vampiric broad axe
  5364 | D:5      | Acquired a +2 vampiric broad axe
  5366 | D:5      | 5366 ||| SWAPPING to +2 vampiric broad axe.
  5367 | D:5      | 5367 ||| DROPPING +1 war axe.
  5368 | D:5      | 5368 ||| DRINKING 2 glowing grey potions.
  5430 | D:6      | Reached skill level 6 in Fighting
  5459 | D:6      | Found a runed translucent gate.
  5467 | D:6      | 5467 ||| Stepping ~*~*~tactically~*~*~ (hiding).
  5535 | D:6      | Found a runed translucent gate.
  5562 | D:6      | Found a runed translucent gate.
  5563 | D:6      | Noticed qw's ghost (novice GrFi)
  5563 | D:6      | Identified the +1 plate armour of Abstinence {Contam Int+2
                  | Dex+3}
  5600 | D:6      | Found an opulent altar of Gozag.
  5605 | D:6      | Found Gozag's Platinum Reserve.
  5627 | D:6      | Found a staircase to the Ecumenical Temple.
  5628 | D:6      | 5628 ||| PLANNING TEMPLE
  5628 | D:6      | 5628 ||| UPGRADING to ring of positive energy.
  5629 | D:6      | 5629 ||| READING scroll labelled QYUCUY WOGRUNK.
  5630 | D:6      | 5630 ||| READING 4 scrolls of identify.
  5630 | D:6      | 5630 ||| IDENTIFYING sedimented purple potion
  5640 | Temple   | Entered the Ecumenical Temple
  5806 | Temple   | 5806 ||| PLANNING D:1-11
  5849 | D:6      | 5849 ||| Stepping ~*~*~tactically~*~*~ (hiding).
  5851 | D:6      | 5851 ||| Stepping ~*~*~tactically~*~*~ (stealth).
  5862 | D:6      | 5862 ||| Stepping ~*~*~tactically~*~*~ (hiding).
  5864 | D:6      | 5864 ||| Stepping ~*~*~tactically~*~*~ (hiding).
  5865 | D:6      | 5865 ||| Stepping ~*~*~tactically~*~*~ (hiding).
  5867 | D:6      | 5867 ||| Stepping ~*~*~tactically~*~*~ (hiding).
  5868 | D:6      | 5868 ||| Stepping ~*~*~tactically~*~*~ (hiding).
  5869 | D:6      | 5869 ||| Stepping ~*~*~tactically~*~*~ (hiding).
  6036 | D:6      | 6036 ||| Stepping ~*~*~tactically~*~*~ (stealth).
  6038 | D:6      | 6038 ||| Stepping ~*~*~tactically~*~*~ (stealth).
  6055 | D:6      | 6055 ||| Stepping ~*~*~tactically~*~*~ (stealth).
  6056 | D:6      | 6056 ||| Stepping ~*~*~tactically~*~*~ (stealth).
  6058 | D:6      | 6058 ||| Stepping ~*~*~tactically~*~*~ (hiding).
  6064 | D:6      | Reached skill level 9 in Axes
  6064 | D:6      | Reached XP level 9. HP: 55/55 MP: 8/8
  6105 | D:6      | Found an ancient bone altar of Kikubaaqudgha.
  6361 | D:6      | 6361 ||| READING scroll labelled CIQAAN MI WOAL.
  6425 | D:7      | 6425 ||| Stepping ~*~*~tactically~*~*~ (cloud).
  6436 | D:7      | 6436 ||| FLEEEEING.
  6437 | D:7      | 6437 ||| FLEEEEING.
  6610 | D:7      | Found an iron altar of Okawaru.
  6611 | D:7      | 6611 ||| PLANNING OKAWARU WORSHIP
  6611 | D:7      | 6611 ||| UPGRADING to +0 plate armour.
  6621 | D:7      | 6621 ||| DROPPING +0 scale mail.
  6622 | D:7      | 6622 ||| READING scroll labelled MELOTH WITYE.
  6630 | D:7      | Became a worshipper of Warmaster Okawaru
  6631 | D:7      | 6631 ||| PLANNING D:1-11
  6664 | D:7      | Reached skill level 4 in Armour
  6734 | D:7      | 6734 ||| Stepping ~*~*~tactically~*~*~ (stealth).
  7252 | D:7      | 7252 ||| DRINKING 2 bubbling white potions.
  7253 | D:7      | 7253 ||| DRINKING 2 dark potions.
  7254 | D:7      | 7254 ||| DROPPING potion of degeneration.
  7305 | D:8      | 7305 ||| Stepping ~*~*~tactically~*~*~ (hiding).
  7308 | D:8      | 7308 ||| Stepping ~*~*~tactically~*~*~ (hiding).
  7316 | D:8      | 7316 ||| Stepping ~*~*~tactically~*~*~ (stealth).
  7319 | D:8      | Reached skill level 5 in Armour
  7339 | D:8      | 7339 ||| Stepping ~*~*~tactically~*~*~ (hiding).
  7341 | D:8      | 7341 ||| Stepping ~*~*~tactically~*~*~ (hiding).
  7489 | D:8      | 7489 ||| DROPPING +2 flail of holy wrath.
  7500 | D:8      | You fall into a shaft and drop 1 floor!
  7665 | D:9      | 7665 ||| DROPPING +1 war axe of electrocution.
  7718 | D:8      | Reached * piety under Okawaru
  7719 | D:8      | 7719 ||| INVOKING Heroism.
  7722 | D:8      | Reached skill level 1 in Invocations
  7774 | D:8      | 7774 ||| INVOKING Heroism.
  7779 | D:8      | Noticed Pikel
  7785 | D:8      | 7785 ||| INVOKING Heroism.
  7798 | D:8      | Killed Pikel
  7798 | D:8      | Reached ** piety under Okawaru
  7799 | D:8      | Reached XP level 10. HP: 63/63 MP: 7/11
  7836 | D:8      | 7836 ||| Stepping ~*~*~tactically~*~*~ (stealth).
  7839 | D:8      | 7839 ||| Stepping ~*~*~tactically~*~*~ (stealth).
  7841 | D:8      | 7841 ||| Stepping ~*~*~tactically~*~*~ (stealth).
  7842 | D:8      | 7842 ||| Stepping ~*~*~tactically~*~*~ (stealth).
  7843 | D:8      | 7843 ||| Stepping ~*~*~tactically~*~*~ (stealth).
  7856 | D:8      | 7856 ||| Stepping ~*~*~tactically~*~*~ (stealth).
  7858 | D:8      | 7858 ||| Stepping ~*~*~tactically~*~*~ (stealth).
  7864 | D:8      | 7864 ||| Stepping ~*~*~tactically~*~*~ (stealth).
  7865 | D:8      | 7865 ||| Stepping ~*~*~tactically~*~*~ (stealth).
  7896 | D:8      | 7896 ||| READING scroll of acquirement.
  7896 | D:8      | 7896 ||| ACQUIRING +4 broad axe of freezing
  7896 | D:8      | Acquired a +4 broad axe of freezing
  7907 | D:8      | Noticed Joseph
  7908 | D:8      | 7908 ||| FLEEEEING.
  7910 | D:8      | 7910 ||| FLEEEEING.
  7911 | D:8      | 7911 ||| FLEEEEING.
  7912 | D:8      | 7912 ||| FLEEEEING.
  7915 | D:8      | 7915 ||| FLEEEEING.
  7917 | D:8      | 7917 ||| FLEEEEING.
  7918 | D:8      | 7918 ||| FLEEEEING.
  7920 | D:8      | 7920 ||| FLEEEEING.
  7921 | D:8      | 7921 ||| FLEEEEING.
  7922 | D:8      | 7922 ||| FLEEEEING.
  7923 | D:8      | 7923 ||| FLEEEEING.
  7924 | D:8      | 7924 ||| FLEEEEING.
  7925 | D:8      | 7925 ||| FLEEEEING.
  7927 | D:8      | 7927 ||| Stepping ~*~*~tactically~*~*~ (hiding).
  7929 | D:8      | 7929 ||| Stepping ~*~*~tactically~*~*~ (hiding).
  7939 | D:8      | Killed Joseph
  7967 | D:8      | Found Oheilu's Vocational Training.
  8070 | D:8      | 8070 ||| Stepping ~*~*~tactically~*~*~ (hiding).
  8072 | D:8      | 8072 ||| Stepping ~*~*~tactically~*~*~ (hiding).
  8178 | D:8      | Noticed Maggie
  8191 | D:8      | Killed Maggie
  8192 | D:8      | Reached skill level 6 in Armour
  8194 | D:8      | 8194 ||| DROPPING +4 flail.
  8254 | D:8      | Found a staircase to the Lair.
  8255 | D:8      | 8255 ||| INVOKING Heroism.
  8320 | D:8      | Noticed Maurice
  8321 | D:8      | 8321 ||| Stepping ~*~*~tactically~*~*~ (hiding).
  8324 | D:8      | 8324 ||| Stepping ~*~*~tactically~*~*~ (hiding).
  8326 | D:8      | 8326 ||| Stepping ~*~*~tactically~*~*~ (hiding).
  8360 | D:8      | 8360 ||| INVOKING Heroism.
  8371 | D:8      | HP: 16/64 [Maurice/+0 halberd (6)]
  8372 | D:8      | 8372 ||| READING 2 scrolls of teleportation.
  8373 | D:8      | 8373 ||| DRINKING 2 potions of heal wounds.
  8461 | D:8      | 8461 ||| INVOKING Heroism.
  8466 | D:8      | Killed Maurice
  8593 | D:8      | 8593 ||| PLANNING LAIR
  8593 | D:8      | 8593 ||| UPGRADING to +0 cloak.
  8598 | D:8      | 8598 ||| READING scroll labelled JIALUU KINOF.
  8635 | Lair:1   | Entered Level 1 of the Lair of Beasts
  8709 | Lair:1   | 8709 ||| INVOKING Heroism.
  8763 | Lair:1   | 8763 ||| INVOKING Heroism.
  8789 | Lair:1   | Noticed a cane toad
  8792 | Lair:1   | 8792 ||| INVOKING Heroism.
  8805 | Lair:1   | Killed a cane toad
  8805 | Lair:1   | Reached *** piety under Okawaru
  8821 | Lair:1   | Noticed a cane toad
  8822 | Lair:1   | 8822 ||| INVOKING Heroism.
  8835 | Lair:1   | Killed a cane toad
  8836 | Lair:1   | Reached skill level 7 in Armour
  8923 | Lair:1   | Noticed a cane toad
  8924 | Lair:1   | 8924 ||| INVOKING Heroism.
  8928 | Lair:1   | Killed a cane toad
  8929 | Lair:1   | Reached XP level 11. HP: 69/69 MP: 9/12
  9202 | Lair:1   | 9202 ||| INVOKING Heroism.
  9213 | Lair:1   | Reached skill level 9 in Fighting
  9228 | Lair:1   | 9228 ||| Stepping ~*~*~tactically~*~*~ (stealth).
  9230 | Lair:1   | 9230 ||| Stepping ~*~*~tactically~*~*~ (stealth).
  9232 | Lair:1   | 9232 ||| INVOKING Heroism.
  9240 | Lair:1   | Reached **** piety under Okawaru
  9332 | Lair:1   | 9332 ||| INVOKING Heroism.
  9672 | Lair:1   | 9672 ||| READING scroll labelled EDECOTS OTHRES.
  9673 | Lair:1   | 9673 ||| READING 7 scrolls of identify.
  9673 | Lair:1   | 9673 ||| IDENTIFYING sapphire potion
  9674 | Lair:1   | 9674 ||| READING 6 scrolls of identify.
  9674 | Lair:1   | 9674 ||| IDENTIFYING glowing white potion
  9745 | Lair:2   | 9745 ||| INVOKING Heroism.
  9823 | Lair:2   | 9823 ||| Stepping ~*~*~tactically~*~*~ (hiding).
  9836 | Lair:2   | Found a staircase to the Shoals.
  9843 | Lair:2   | Found a staircase to the Snake Pit.
  9844 | Lair:2   | 9844 ||| INVOKING Heroism.
 10039 | Lair:2   | Reached skill level 6 in Invocations
 10042 | Lair:2   | Reached ***** piety under Okawaru
 10139 | Lair:2   | 10139 ||| Stepping ~*~*~tactically~*~*~ (stealth).
 10140 | Lair:2   | 10140 ||| INVOKING Heroism.
 10144 | Lair:2   | Reached skill level 12 in Axes
 10148 | Lair:2   | Noticed Prince Ribbit
 10163 | Lair:2   | Received a gift from Okawaru
 10181 | Lair:2   | Killed Prince Ribbit
 10186 | Lair:2   | 10186 ||| INVOKING Heroism.
 10217 | Lair:2   | You fall into a shaft and drop 1 floor!
 10247 | Lair:3   | Noticed a catoblepas
 10248 | Lair:3   | 10248 ||| INVOKING Heroism.
 10249 | Lair:3   | 10249 ||| INVOKING Finesse.
 10257 | Lair:3   | Killed a catoblepas
 10258 | Lair:3   | Reached XP level 12. HP: 59/76 MP: 8/16
 10421 | Lair:3   | 10421 ||| READING 6 scrolls of identify.
 10421 | Lair:3   | 10421 ||| IDENTIFYING amethyst potion
 10422 | Lair:3   | 10422 ||| DROPPING potion of berserk rage.
 10639 | Lair:2   | 10639 ||| FLEEEEING.
 10642 | Lair:2   | 10642 ||| INVOKING Heroism.
 10653 | Lair:2   | Reached skill level 3 in Throwing
 10655 | Lair:2   | Noticed a death yak
 10656 | Lair:2   | 10656 ||| INVOKING Finesse.
 10657 | Lair:2   | Noticed a death yak
 10657 | Lair:2   | Noticed a death yak
 10662 | Lair:2   | Noticed a death yak
 10665 | Lair:2   | Noticed a death yak
 10670 | Lair:2   | Killed a death yak
 10671 | Lair:2   | Reached skill level 8 in Armour
 10671 | Lair:2   | Noticed a death yak
 10687 | Lair:2   | Killed a death yak
 10687 | Lair:2   | Identified the +0 pair of gloves of Piri {rCorr Int+3
                  | Dex+4} (Okawaru gifted it to you on level 2 of the Lair of
                  | Beasts)
 10687 | Lair:2   | Received a gift from Okawaru
 10688 | Lair:2   | Reached skill level 6 in Shields
 10688 | Lair:2   | Reached skill level 9 in Invocations
 10693 | Lair:2   | Killed a death yak
 10698 | Lair:2   | Killed a death yak
 10702 | Lair:2   | 10702 ||| INVOKING Heroism.
 10705 | Lair:2   | Killed a death yak
 10708 | Lair:2   | Killed a death yak
 10843 | Lair:2   | 10843 ||| Stepping ~*~*~tactically~*~*~ (stealth).
 10846 | Lair:2   | 10846 ||| Stepping ~*~*~tactically~*~*~ (stealth).
 10850 | Lair:2   | 10850 ||| Stepping ~*~*~tactically~*~*~ (stealth).
 10854 | Lair:2   | 10854 ||| Stepping ~*~*~tactically~*~*~ (stealth).
 10856 | Lair:2   | 10856 ||| Stepping ~*~*~tactically~*~*~ (stealth).
 10860 | Lair:2   | 10860 ||| Stepping ~*~*~tactically~*~*~ (stealth).
 10864 | Lair:2   | 10864 ||| Stepping ~*~*~tactically~*~*~ (stealth).
 10865 | Lair:2   | 10865 ||| Stepping ~*~*~tactically~*~*~ (stealth).
 10866 | Lair:2   | 10866 ||| Stepping ~*~*~tactically~*~*~ (stealth).
 11007 | Lair:2   | 11007 ||| UPGRADING to +0 pair of gloves of Piri {rCorr
                  | Int+3 Dex+4}.
 11048 | Lair:3   | 11048 ||| Stepping ~*~*~tactically~*~*~ (stealth).
 11050 | Lair:3   | 11050 ||| INVOKING Heroism.
 11084 | Lair:3   | Reached skill level 9 in Armour
 11270 | Lair:3   | Noticed Sonja
 11271 | Lair:3   | 11271 ||| INVOKING Finesse.
 11290 | Lair:3   | Killed Sonja
 11907 | Lair:3   | 11907 ||| READING scroll labelled PAFRYMUSESS.
 11908 | Lair:3   | 11908 ||| READING 8 scrolls of identify.
 11908 | Lair:3   | 11908 ||| IDENTIFYING puce potion
 11909 | Lair:3   | 11909 ||| DROPPING potion of brilliance.
 11946 | Lair:4   | 11946 ||| INVOKING Heroism.
 12192 | Lair:4   | 12192 ||| INVOKING Heroism.
 12228 | Lair:4   | 12228 ||| Stepping ~*~*~tactically~*~*~ (stealth).
 12230 | Lair:4   | 12230 ||| INVOKING Heroism.
 12268 | Lair:4   | Reached skill level 3 in Dodging
 12268 | Lair:4   | Reached XP level 13. HP: 79/82 MP: 18/18
 12391 | Lair:4   | 12391 ||| INVOKING Heroism.
 12401 | Lair:4   | 12401 ||| Stepping ~*~*~tactically~*~*~ (stealth).
 12421 | Lair:4   | 12421 ||| Stepping ~*~*~tactically~*~*~ (stealth).
 12501 | Lair:4   | 12501 ||| Stepping ~*~*~tactically~*~*~ (water).
 12550 | Lair:4   | 12550 ||| INVOKING Heroism.
 12571 | Lair:4   | Found a staircase to the Slime Pits.
 12586 | Lair:4   | 12586 ||| READING scroll of enchant weapon.
 12586 | Lair:4   | 12586 ||| ENCHANTING +2 vampiric broad axe.
 12681 | Lair:4   | 12681 ||| Stepping ~*~*~tactically~*~*~ (hiding).
 12685 | Lair:4   | 12685 ||| INVOKING Heroism.
 12686 | Lair:4   | 12686 ||| INVOKING Finesse.
 12977 | Lair:4   | 12977 ||| READING 9 scrolls of identify.
 12977 | Lair:4   | 12977 ||| IDENTIFYING cyan potion
 12978 | Lair:4   | 12978 ||| DROPPING potion of invisibility.
 12989 | Lair:5   | Entered Level 5 of the Lair of Beasts
 12999 | Lair:5   | 12999 ||| Stepping ~*~*~tactically~*~*~ (stealth).
 13004 | Lair:5   | 13004 ||| INVOKING Heroism.
 13063 | Lair:5   | 13063 ||| Stepping ~*~*~tactically~*~*~ (stealth).
 13064 | Lair:5   | 13064 ||| Stepping ~*~*~tactically~*~*~ (stealth).
 13066 | Lair:5   | 13066 ||| INVOKING Heroism.
 13159 | Lair:5   | 13159 ||| Stepping ~*~*~tactically~*~*~ (stealth).
 13160 | Lair:5   | 13160 ||| Stepping ~*~*~tactically~*~*~ (stealth).
 13168 | Lair:5   | 13168 ||| Stepping ~*~*~tactically~*~*~ (stealth).
 13169 | Lair:5   | 13169 ||| Stepping ~*~*~tactically~*~*~ (stealth).
 13308 | Lair:5   | 13308 ||| INVOKING Heroism.
 13423 | Lair:5   | 13423 ||| Stepping ~*~*~tactically~*~*~ (stealth).
 13432 | Lair:5   | Identified the -1 pair of boots of Xopav {rElec rPois
                  | Int+4} (Okawaru gifted it to you on level 5 of the Lair of
                  | Beasts)
 13432 | Lair:5   | Received a gift from Okawaru
 13438 | Lair:5   | 13438 ||| Stepping ~*~*~tactically~*~*~ (stealth).
 13452 | Lair:5   | 13452 ||| Stepping ~*~*~tactically~*~*~ (stealth).
 13453 | Lair:5   | 13453 ||| Stepping ~*~*~tactically~*~*~ (stealth).
 13459 | Lair:5   | 13459 ||| Stepping ~*~*~tactically~*~*~ (stealth).
 13463 | Lair:5   | 13463 ||| Stepping ~*~*~tactically~*~*~ (stealth).
 13465 | Lair:5   | 13465 ||| Stepping ~*~*~tactically~*~*~ (stealth).
 13467 | Lair:5   | 13467 ||| Stepping ~*~*~tactically~*~*~ (stealth).
 13470 | Lair:5   | 13470 ||| INVOKING Heroism.
 13649 | Lair:5   | 13649 ||| INVOKING Heroism.
 13650 | Lair:5   | 13650 ||| INVOKING Finesse.
 13653 | Lair:5   | 13653 ||| SWAPPING to +2 morningstar of draining.
 13654 | Lair:5   | 13654 ||| INVOKING Finesse.
 13662 | Lair:5   | 13662 ||| SWAPPING to +3 vampiric broad axe.
 13802 | Lair:5   | 13802 ||| INVOKING Heroism.
 13803 | Lair:5   | 13803 ||| INVOKING Finesse.
 13824 | Lair:5   | Reached skill level 10 in Armour
 13864 | Lair:5   | 13864 ||| INVOKING Heroism.
 14005 | Lair:5   | 14005 ||| INVOKING Heroism.
 14059 | Lair:5   | 14059 ||| Stepping ~*~*~tactically~*~*~ (stealth).
 14068 | Lair:5   | 14068 ||| Stepping ~*~*~tactically~*~*~ (stealth).
 14096 | Lair:5   | 14096 ||| INVOKING Heroism.
 14118 | Lair:5   | Identified the amulet of the Charming Enemy {Spirit
                  | *Corrode Str-5 Int+8 Dex+4}
 14130 | Lair:5   | 14130 ||| Stepping ~*~*~tactically~*~*~ (stealth).
 14142 | Lair:5   | 14142 ||| INVOKING Heroism.
 14144 | Lair:5   | 14144 ||| Stepping ~*~*~tactically~*~*~ (stealth).
 14247 | Lair:5   | 14247 ||| INVOKING Heroism.
 14249 | Lair:5   | 14249 ||| INVOKING Finesse.
 14391 | Lair:5   | 14391 ||| INVOKING Heroism.
 14429 | Lair:5   | Reached skill level 15 in Axes
 14513 | Lair:5   | 14513 ||| PLANNING D:1-11
 14513 | Lair:5   | 14513 ||| UPGRADING to -1 pair of boots of Xopav {rElec
                  | rPois Int+4}.
 14518 | Lair:5   | 14518 ||| UPGRADING to +2 buckler.
 14528 | Lair:5   | 14528 ||| DROPPING +0 buckler.
 14529 | Lair:5   | 14529 ||| DROPPING amulet of the Charming Enemy {Spirit
                  | *Corrode Str-5 Int+8 Dex+4}.
 14530 | Lair:5   | 14530 ||| DROPPING amulet of guardian spirit.
 14531 | Lair:5   | 14531 ||| READING scroll labelled IWIFEHO ZEHUOM.
 14552 | Lair:5   | 14552 ||| INVOKING Heroism.
 14553 | Lair:5   | 14553 ||| INVOKING Finesse.
 14575 | Lair:5   | Gained mutation: Your large and strong wings let you fly.
                  | [Gargoyle growth]
 14575 | Lair:5   | Reached XP level 14. HP: 90/90 MP: 12/19
 14694 | D:9      | 14694 ||| INVOKING Heroism.
 14714 | D:9      | Found a shadowy altar of Dithmenos.
 15257 | D:9      | 15257 ||| UPGRADING to +0 pair of boots.
 15267 | D:9      | 15267 ||| DROPPING -1 pair of boots of Xopav {rElec rPois
                  | Int+4}.
 15268 | D:9      | 15268 ||| DROPPING amulet of magic regeneration.
 15321 | D:10     | Entered Level 10 of the Dungeon
 15352 | D:10     | Identified the +7 mace of Cruel Justice {spect, rPois rCorr
                  | SInv}
 15387 | D:10     | Found a broken altar of Ashenzari.
 15388 | D:10     | 15388 ||| INVOKING Heroism.
 15496 | D:10     | Found a snail-covered altar of Cheibriados.
 15497 | D:10     | 15497 ||| READING 4 scrolls of teleportation.
 15559 | D:10     | 15559 ||| Stepping ~*~*~tactically~*~*~ (hiding).
 15565 | D:10     | 15565 ||| INVOKING Heroism.
 15566 | D:10     | Noticed Gastronok
 15568 | D:10     | 15568 ||| Stepping ~*~*~tactically~*~*~ (hiding).
 15571 | D:10     | 15571 ||| Stepping ~*~*~tactically~*~*~ (hiding).
 15593 | D:10     | Killed Gastronok
 15594 | D:10     | Reached skill level 11 in Armour
 15594 | D:10     | 15594 ||| Stepping randomly (cloudy).
 15596 | D:10     | 15596 ||| Stepping ~*~*~tactically~*~*~ (cloud).
 15632 | D:10     | 15632 ||| Stepping ~*~*~tactically~*~*~ (cloud).
 15637 | D:10     | 15637 ||| Stepping ~*~*~tactically~*~*~ (hiding).
 15658 | D:10     | 15658 ||| Stepping ~*~*~tactically~*~*~ (hiding).
 15675 | D:10     | 15675 ||| Stepping ~*~*~tactically~*~*~ (stealth).
 15862 | D:10     | 15862 ||| Stepping ~*~*~tactically~*~*~ (stealth).
 15866 | D:10     | 15866 ||| Stepping ~*~*~tactically~*~*~ (stealth).
 15870 | D:10     | 15870 ||| INVOKING Heroism.
 15990 | D:10     | 15990 ||| FLEEEEING.
 15991 | D:10     | 15991 ||| FLEEEEING.
 15992 | D:10     | 15992 ||| FLEEEEING.
 15993 | D:10     | 15993 ||| FLEEEEING.
 15994 | D:10     | 15994 ||| FLEEEEING.
 15995 | D:10     | 15995 ||| FLEEEEING.
 15996 | D:10     | 15996 ||| FLEEEEING.
 16000 | D:10     | 16000 ||| STAIRDANCE
 16033 | D:9      | 16033 ||| UPGRADING to +0 helmet.
 16038 | D:9      | 16038 ||| READING scroll labelled EDUOMECE ROOK.
 16042 | D:10     | 16042 ||| Stepping ~*~*~tactically~*~*~ (hiding).
 16107 | D:10     | 16107 ||| Stepping ~*~*~tactically~*~*~ (stealth).
 16111 | D:10     | 16111 ||| Stepping ~*~*~tactically~*~*~ (stealth).
 16120 | D:10     | 16120 ||| Stepping ~*~*~tactically~*~*~ (stealth).
 16124 | D:10     | 16124 ||| INVOKING Heroism.
 16296 | D:10     | 16296 ||| INVOKING Heroism.
 16310 | D:10     | Reached skill level 12 in Fighting
 16404 | D:11     | 16404 ||| STAIRDANCE
 16414 | D:11     | 16414 ||| STAIRDANCE
 16416 | D:10     | 16416 ||| INVOKING Heroism.
 17097 | D:11     | 17097 ||| INVOKING Heroism.
 17098 | D:11     | 17098 ||| INVOKING Finesse.
 17399 | D:11     | 17399 ||| PLANNING D
 17399 | D:11     | 17399 ||| UPGRADING to +4 ring of evasion.
 17510 | D:12     | 17510 ||| INVOKING Heroism.
 17524 | D:12     | Received a gift from Okawaru
 17525 | D:12     | 17525 ||| Stepping ~*~*~tactically~*~*~ (stealth).
 17570 | D:12     | 17570 ||| Stepping ~*~*~tactically~*~*~ (stealth).
 17576 | D:12     | 17576 ||| Stepping ~*~*~tactically~*~*~ (stealth).
 17577 | D:12     | 17577 ||| Stepping ~*~*~tactically~*~*~ (stealth).
 17635 | D:12     | 17635 ||| Stepping ~*~*~tactically~*~*~ (stealth).
 17636 | D:12     | Found a staircase to the Orcish Mines.
 17638 | D:12     | 17638 ||| INVOKING Heroism.
 17654 | D:12     | HP: 23/92 [gargoyle/+4 vorpal mace (6)]
 17655 | D:12     | 17655 ||| READING 3 scrolls of teleportation.
 17656 | D:12     | 17656 ||| DRINKING 4 potions of heal wounds.
 17760 | D:12     | 17760 ||| READING scroll of enchant weapon.
 17760 | D:12     | 17760 ||| ENCHANTING +3 vampiric broad axe.
 17761 | D:12     | 17761 ||| DROPPING +4 broad axe of freezing.
 17806 | D:12     | Found Ekhotsy's Weapon Shop.
 17936 | D:12     | 17936 ||| Stepping ~*~*~tactically~*~*~ (hiding).
 17986 | D:12     | 17986 ||| INVOKING Heroism.
 17986 | D:12     | Noticed Azrael
 17987 | D:12     | 17987 ||| INVOKING Finesse.
 17993 | D:12     | Received a gift from Okawaru
 18017 | D:12     | Killed Azrael
 18191 | D:12     | 18191 ||| UPGRADING to +0 tower shield.
 18201 | D:12     | 18201 ||| DROPPING +2 buckler.
 18202 | D:12     | 18202 ||| READING scroll labelled IROGEC RIMMAA.
 18303 | D:12     | 18303 ||| READING 9 scrolls of identify.
 18303 | D:12     | 18303 ||| IDENTIFYING smoky coppery potion
 18304 | D:12     | 18304 ||| DROPPING potion of ambrosia.
 18387 | D:13     | Found Vammid's Serpentskin Sales.
 18389 | D:13     | 18389 ||| INVOKING Heroism.
 18436 | D:13     | 18436 ||| Stepping randomly (disturbance).
 18655 | D:13     | 18655 ||| FLEEEEING.
 18773 | D:13     | 18773 ||| Stepping ~*~*~tactically~*~*~ (hiding).
 19085 | D:14     | 19085 ||| INVOKING Heroism.
 19136 | D:14     | 19136 ||| INVOKING Heroism.
 19141 | Abyss:2  | Cast into level 2 of the Abyss (a wizard)
 19197 | Abyss:2  | 19197 ||| Stepping ~*~*~tactically~*~*~ (stealth).
 19200 | Abyss:2  | 19200 ||| Stepping ~*~*~tactically~*~*~ (stealth).
 19226 | Abyss:2  | 19226 ||| Stepping ~*~*~tactically~*~*~ (stealth).
 19227 | Abyss:2  | 19227 ||| Stepping ~*~*~tactically~*~*~ (stealth).
 19265 | Abyss:2  | Found a corrupted altar of Lugonu.
 19273 | Abyss:2  | Reached skill level 9 in Shields
 19274 | Abyss:2  | 19274 ||| Stepping ~*~*~tactically~*~*~ (stealth).
 19307 | Abyss:2  | 19307 ||| INVOKING Heroism.
 19321 | Abyss:2  | Found a corrupted altar of Lugonu.
 19323 | Abyss:2  | 19323 ||| Stepping ~*~*~tactically~*~*~ (hiding).
 19324 | Abyss:2  | 19324 ||| Stepping ~*~*~tactically~*~*~ (hiding).
 19339 | Abyss:2  | 19339 ||| Stepping ~*~*~tactically~*~*~ (stealth).
 19355 | Abyss:2  | 19355 ||| Stepping ~*~*~tactically~*~*~ (stealth).
 19357 | Abyss:2  | 19357 ||| Stepping ~*~*~tactically~*~*~ (hiding).
 19376 | Abyss:2  | Noticed a starcursed mass
 19376 | Abyss:2  | 19376 ||| Stepping ~*~*~tactically~*~*~ (stealth).
 19385 | D:14     | Escaped the Abyss
 19424 | D:14     | 19424 ||| Stepping ~*~*~tactically~*~*~ (stealth).
 19429 | D:14     | 19429 ||| INVOKING Heroism.
 19541 | D:14     | 19541 ||| Stepping ~*~*~tactically~*~*~ (stealth).
 19544 | D:14     | 19544 ||| Stepping ~*~*~tactically~*~*~ (stealth).
 19548 | D:14     | Received a gift from Okawaru
 19574 | D:14     | 19574 ||| INVOKING Heroism.
 19589 | D:14     | Reached XP level 15. HP: 96/96 MP: 20/20
 19762 | D:14     | 19762 ||| INVOKING Heroism.
 19796 | D:14     | 19796 ||| Stepping ~*~*~tactically~*~*~ (stealth).
 19874 | D:14     | Found a gate to the Vaults.
 19875 | D:14     | 19875 ||| INVOKING Heroism.
 19876 | Abyss:2  | Cast into level 2 of the Abyss (a wizard)
 19972 | Abyss:2  | 19972 ||| Stepping ~*~*~tactically~*~*~ (stealth).
 19977 | Abyss:2  | 19977 ||| Stepping ~*~*~tactically~*~*~ (stealth).
 20003 | Abyss:2  | 20003 ||| INVOKING Heroism.
 20063 | Abyss:2  | 20063 ||| Stepping ~*~*~tactically~*~*~ (stealth).
 20077 | D:14     | Escaped the Abyss
 20078 | D:14     | 20078 ||| INVOKING Heroism.
 20082 | D:14     | Received a gift from Okawaru
 20088 | D:14     | Reached skill level 12 in Shields
 20093 | D:14     | Identified the +5 broad axe "Vuhugry" {antimagic, rF+ Int+4
                  | Dex+3} (Okawaru gifted it to you on level 14 of the
                  | Dungeon)
 20093 | D:14     | Received a gift from Okawaru
 20188 | D:14     | Found a runed translucent door.
 20189 | D:14     | Noticed Qymaymp's ghost (adept GrEE)
 20195 | D:14     | Identified the +10 trident of the Butterfly {freeze, Str-5
                  | Dex+3 SInv}
 20514 | D:14     | 20514 ||| READING scroll labelled IXZETE RANKISIGH.
 20535 | D:15     | Entered Level 15 of the Dungeon
 20578 | D:15     | 20578 ||| Stepping ~*~*~tactically~*~*~ (hiding).
 20582 | D:15     | 20582 ||| Stepping ~*~*~tactically~*~*~ (stealth).
 20583 | D:15     | 20583 ||| INVOKING Heroism.
 20591 | D:15     | HP: 21/96 [fire dragon/blast of flame (17)]
 20592 | D:15     | 20592 ||| READING 3 scrolls of teleportation.
 20593 | D:15     | 20593 ||| DRINKING 3 potions of heal wounds.
 20872 | D:15     | 20872 ||| Stepping ~*~*~tactically~*~*~ (stealth).
 20874 | D:15     | 20874 ||| Stepping ~*~*~tactically~*~*~ (stealth).
 20876 | D:15     | 20876 ||| Stepping ~*~*~tactically~*~*~ (hiding).
 20878 | D:15     | 20878 ||| Stepping ~*~*~tactically~*~*~ (hiding).
 20879 | D:15     | 20879 ||| Stepping ~*~*~tactically~*~*~ (hiding).
 20880 | D:15     | 20880 ||| Stepping ~*~*~tactically~*~*~ (hiding).
 20881 | D:15     | 20881 ||| INVOKING Heroism.
 20917 | D:15     | Identified the +9 halberd of Responsibility {spect, rElec
                  | Int+4}
 20941 | D:15     | 20941 ||| INVOKING Heroism.
 21047 | D:15     | 21047 ||| Stepping ~*~*~tactically~*~*~ (stealth).
 21049 | D:15     | 21049 ||| INVOKING Heroism.
 21154 | D:15     | Found a staircase to the Depths.
 21516 | D:15     | 21516 ||| INVOKING Heroism.
 21521 | D:15     | Identified the +1 kite shield "Mesuesh" {rPois Will+
                  | Stlth+} (Okawaru gifted it to you on level 15 of the
                  | Dungeon)
 21521 | D:15     | Received a gift from Okawaru
 21717 | D:15     | Identified the +6 hand axe "Helijow" {protect, Will+ Int+3}
 21951 | D:15     | 21951 ||| PLANNING ORC
 21951 | D:15     | 21951 ||| DROPPING +4 chain mail.
 21952 | D:15     | 21952 ||| READING 10 scrolls of identify.
 21952 | D:15     | 21952 ||| IDENTIFYING metallic golden potion
 22034 | Orc:1    | Entered Level 1 of the Orcish Mines
 22034 | Orc:1    | Found Nycopt's Magic Scroll Emporium.
 22035 | Orc:1    | 22035 ||| INVOKING Heroism.
 22067 | Orc:1    | 22067 ||| BUYING scroll of enchant armour (105 gold).
 22067 | Orc:1    | Bought a scroll of enchant armour for 105 gold pieces
 22067 | Orc:1    | 22067 ||| BUYING scroll of teleportation (42 gold).
 22067 | Orc:1    | Bought a scroll of teleportation for 42 gold pieces
 22067 | Orc:1    | 22067 ||| READING scroll of enchant armour.
 22067 | Orc:1    | 22067 ||| ENCHANTING +0 helmet.
 22193 | Orc:2    | Entered Level 2 of the Orcish Mines
 22193 | Orc:2    | Found Siditann's General Store.
 22222 | Orc:2    | 22222 ||| Stepping ~*~*~tactically~*~*~ (stealth).
 22224 | Orc:2    | 22224 ||| INVOKING Heroism.
 22234 | Orc:2    | 22234 ||| Stepping ~*~*~tactically~*~*~ (hiding).
 22275 | Orc:2    | 22275 ||| Stepping ~*~*~tactically~*~*~ (stealth).
 22292 | Orc:2    | 22292 ||| Stepping ~*~*~tactically~*~*~ (stealth).
 22301 | Orc:2    | 22301 ||| Stepping ~*~*~tactically~*~*~ (stealth).
 22304 | Orc:2    | 22304 ||| Stepping ~*~*~tactically~*~*~ (stealth).
 22308 | Orc:2    | 22308 ||| Stepping ~*~*~tactically~*~*~ (stealth).
 22310 | Orc:2    | 22310 ||| Stepping ~*~*~tactically~*~*~ (hiding).
 22317 | Orc:2    | 22317 ||| INVOKING Heroism.
 22337 | Orc:2    | Reached skill level 15 in Shields
 22342 | Orc:2    | 22342 ||| Stepping ~*~*~tactically~*~*~ (stealth).
 22343 | Orc:2    | 22343 ||| Stepping ~*~*~tactically~*~*~ (stealth).
 22359 | Orc:2    | 22359 ||| INVOKING Heroism.
 22458 | Orc:2    | Found Reddo's Weapon Boutique.
 22459 | Orc:2    | Found Rauwa's Jewellery Emporium.
 22476 | Orc:2    | 22476 ||| BUYING +4 ring of evasion (540 gold).
 22476 | Orc:2    | Bought a +4 ring of evasion for 540 gold pieces
 22476 | Orc:2    | 22476 ||| BUYING ring of resist corrosion (300 gold).
 22476 | Orc:2    | Bought a ring of resist corrosion for 300 gold pieces
 22482 | Orc:2    | Found Wodeom's Distillery.
 22483 | Orc:2    | Found Leiz's General Store.
 22491 | Orc:2    | 22491 ||| BUYING 2 potions of magic (176 gold).
 22491 | Orc:2    | Bought 2 potions of magic for 176 gold pieces
 22491 | Orc:2    | 22491 ||| BUYING potion of cancellation (88 gold).
 22491 | Orc:2    | Bought a potion of cancellation for 88 gold pieces
 22491 | Orc:2    | 22491 ||| BUYING scroll of enchant armour (82 gold).
 22491 | Orc:2    | Bought a scroll of enchant armour for 82 gold pieces
 22491 | Orc:2    | 22491 ||| BUYING scroll of teleportation (33 gold).
 22491 | Orc:2    | Bought a scroll of teleportation for 33 gold pieces
 22491 | Orc:2    | 22491 ||| READING scroll of enchant armour.
 22491 | Orc:2    | 22491 ||| ENCHANTING +1 helmet.
 22497 | Orc:2    | 22497 ||| BUYING potion of attraction (45 gold).
 22497 | Orc:2    | Bought a potion of attraction for 45 gold pieces
 22497 | Orc:2    | 22497 ||| BUYING potion of cancellation (120 gold).
 22497 | Orc:2    | Bought a potion of cancellation for 120 gold pieces
 22497 | Orc:2    | 22497 ||| BUYING potion of curing (45 gold).
 22497 | Orc:2    | Bought a potion of curing for 45 gold pieces
 22497 | Orc:2    | 22497 ||| BUYING potion of curing (45 gold).
 22497 | Orc:2    | Bought a potion of curing for 45 gold pieces
 22497 | Orc:2    | 22497 ||| BUYING potion of haste (150 gold).
 22497 | Orc:2    | Bought a potion of haste for 150 gold pieces
 22497 | Orc:2    | 22497 ||| SHOPLISTING potion of resistance (150 gold, have
                  | 83).
 22507 | Orc:2    | Found Mynoot's Book Emporium.
 22549 | Orc:2    | 22549 ||| Stepping ~*~*~tactically~*~*~ (stealth).
 22558 | Orc:2    | Found Ovam's Assorted Antiques.
 22579 | Orc:2    | 22579 ||| Stepping ~*~*~tactically~*~*~ (stealth).
 22580 | Orc:2    | 22580 ||| Stepping ~*~*~tactically~*~*~ (stealth).
 22581 | Orc:2    | 22581 ||| Stepping ~*~*~tactically~*~*~ (stealth).
 22582 | Orc:2    | 22582 ||| Stepping ~*~*~tactically~*~*~ (stealth).
 22583 | Orc:2    | 22583 ||| INVOKING Heroism.
 22602 | Orc:2    | 22602 ||| BUYING potion of attraction (96 gold).
 22602 | Orc:2    | Bought a potion of attraction for 96 gold pieces
 22602 | Orc:2    | 22602 ||| SHOPLISTING potion of haste (320 gold, have 75).
 22602 | Orc:2    | 22602 ||| SHOPLISTING wooden ring (160 gold, have 75).
 22636 | Orc:2    | Found a staircase to the Elven Halls.
 22638 | Orc:2    | 22638 ||| INVOKING Heroism.
 22745 | Orc:2    | 22745 ||| INVOKING Heroism.
 22748 | Orc:2    | 22748 ||| Stepping ~*~*~tactically~*~*~ (hiding).
 22778 | Orc:2    | Reached XP level 16. HP: 101/101 MP: 21/21
 22825 | Orc:2    | 22825 ||| BUYING potion of might (52 gold).
 22825 | Orc:2    | Bought a potion of might for 52 gold pieces
 22982 | Orc:2    | 22982 ||| UPGRADING to +4 ring of evasion.
 22984 | Orc:2    | 22984 ||| DROPPING ring of positive energy.
 23001 | Orc:1    | 23001 ||| INVOKING Heroism.
 23147 | Orc:1    | 23147 ||| PLANNING SNAKE:1-3
 23390 | Snake:1  | Entered Level 1 of the Snake Pit
 23501 | Snake:1  | 23501 ||| INVOKING Heroism.
 23680 | Snake:1  | Found a runed translucent door.
 23687 | Snake:1  | Noticed Romunoh's ghost (adept SpBr)
 23690 | Snake:1  | 23690 ||| READING scroll of enchant weapon.
 23690 | Snake:1  | 23690 ||| ENCHANTING +4 vampiric broad axe.
 23771 | Snake:1  | 23771 ||| Stepping ~*~*~tactically~*~*~ (hiding).
 23910 | Snake:1  | Found Kinnoijecs's Antique Armour Boutique.
 23910 | Snake:1  | Found Pymeis's Assorted Antiques.
 23918 | Snake:1  | 23918 ||| BUYING potion of mutation (344 gold).
 23918 | Snake:1  | Bought a potion of mutation for 344 gold pieces
 23918 | Snake:1  | 23918 ||| SHOPLISTING wooden ring (215 gold, have 62).
 24232 | Snake:1  | 24232 ||| Stepping ~*~*~tactically~*~*~ (hiding).
 24234 | Snake:1  | 24234 ||| Stepping ~*~*~tactically~*~*~ (hiding).
 24595 | Snake:1  | 24595 ||| UPGRADING to +1 tower shield of protection.
 24605 | Snake:1  | 24605 ||| DROPPING +0 tower shield.
 24640 | Snake:2  | 24640 ||| STAIRDANCE
 24790 | Snake:2  | Reached skill level 6 in Throwing
 24825 | Snake:2  | 24825 ||| Stepping ~*~*~tactically~*~*~ (stealth).
 24830 | Snake:2  | Reached skill level 12 in Armour
 24853 | Snake:2  | 24853 ||| Stepping ~*~*~tactically~*~*~ (hiding).
 25027 | Snake:2  | 25027 ||| Stepping ~*~*~tactically~*~*~ (hiding).
 25028 | Snake:2  | 25028 ||| Stepping ~*~*~tactically~*~*~ (hiding).
 25029 | Snake:2  | 25029 ||| Stepping ~*~*~tactically~*~*~ (hiding).
 25035 | Snake:2  | 25035 ||| INVOKING Heroism.
 25041 | Snake:2  | Noticed a nagaraja
 25047 | Snake:2  | 25047 ||| Stepping ~*~*~tactically~*~*~ (hiding).
 25064 | Snake:2  | Killed a nagaraja
 25064 | Snake:2  | Received a gift from Okawaru
 25099 | Snake:2  | 25099 ||| INVOKING Heroism.
 25321 | Snake:2  | 25321 ||| Stepping ~*~*~tactically~*~*~ (hiding).
 25325 | Snake:2  | 25325 ||| INVOKING Heroism.
 25331 | Snake:2  | Reached ****** piety under Okawaru
 25331 | Snake:2  | Received a gift from Okawaru
 25448 | Snake:2  | Noticed a nagaraja
 25449 | Snake:2  | 25449 ||| INVOKING Heroism.
 25462 | Snake:2  | Killed a nagaraja
 25658 | Snake:3  | 25658 ||| INVOKING Heroism.
 25661 | Snake:3  | 25661 ||| STAIRDANCE
 25664 | Snake:3  | 25664 ||| STAIRDANCE
 25744 | Snake:3  | 25744 ||| STAIRDANCE
 25836 | Snake:3  | 25836 ||| Stepping ~*~*~tactically~*~*~ (hiding).
 25841 | Snake:3  | 25841 ||| INVOKING Heroism.
 25846 | Snake:3  | 25846 ||| Stepping ~*~*~tactically~*~*~ (hiding).
 25856 | Snake:3  | 25856 ||| Stepping ~*~*~tactically~*~*~ (hiding).
 25857 | Snake:3  | 25857 ||| Stepping ~*~*~tactically~*~*~ (hiding).
 25865 | Snake:3  | 25865 ||| Stepping ~*~*~tactically~*~*~ (hiding).
 25899 | Snake:3  | Noticed mif's ghost (journeyman MiBe)
 25903 | Snake:3  | 25903 ||| INVOKING Heroism.
 25919 | Snake:3  | Found a bloodstained altar of Trog.
 25977 | Snake:3  | 25977 ||| Stepping ~*~*~tactically~*~*~ (stealth).
 26019 | Snake:3  | Found a transporter.
 26052 | Snake:3  | Found a transporter.
 26077 | Snake:3  | 26077 ||| Stepping ~*~*~tactically~*~*~ (hiding).
 26171 | Snake:3  | 26171 ||| Stepping ~*~*~tactically~*~*~ (hiding).
 26177 | Snake:3  | 26177 ||| INVOKING Heroism.
 26199 | Snake:3  | Found Jigudwer's Jewellery Boutique.
 26199 | Snake:3  | Found Goiforghe's Book Emporium.
 26200 | Snake:3  | Found Bativok's Book Emporium.
 26208 | Snake:3  | 26208 ||| SHOPLISTING ring of Tituujarr {rPois rC+ Will+
                  | SInv} (737 gold, have 321).
 26255 | Snake:3  | 26255 ||| INVOKING Heroism.
 26266 | Snake:3  | 26266 ||| Stepping ~*~*~tactically~*~*~ (hiding).
 26284 | Snake:3  | 26284 ||| READING scroll of enchant weapon.
 26284 | Snake:3  | 26284 ||| ENCHANTING +5 vampiric broad axe.
 26304 | Snake:3  | 26304 ||| PLANNING SHOALS:1-3
 26439 | Shoals:1 | Entered Level 1 of the Shoals
 26440 | Shoals:1 | 26440 ||| INVOKING Heroism.
 26489 | Shoals:1 | Noticed Roxanne
 26490 | Shoals:1 | 26490 ||| INVOKING Finesse.
 26507 | Shoals:1 | 26507 ||| INVOKING Heroism.
 26511 | Shoals:1 | 26511 ||| INVOKING Finesse.
 26524 | Shoals:1 | Killed Roxanne
 26524 | Shoals:1 | Identified the +2 helmet "Bifit" {rCorr Str+6 Stlth+}
                  | (Okawaru gifted it to you on level 1 of the Shoals)
 26524 | Shoals:1 | Received a gift from Okawaru
 26579 | Shoals:1 | Identified the +2 hat of Elitism {Str+6 Stlth+}
 26608 | Shoals:1 | 26608 ||| INVOKING Heroism.
 26628 | Shoals:1 | 26628 ||| INVOKING Heroism.
 26870 | Shoals:1 | 26870 ||| READING scroll of enchant armour.
 26870 | Shoals:1 | 26870 ||| ENCHANTING +0 pair of boots.
 26935 | Shoals:1 | 26935 ||| INVOKING Heroism.
 26945 | Shoals:1 | Reached XP level 17. HP: 106/106 MP: 20/22
 27006 | Shoals:1 | 27006 ||| INVOKING Heroism.
 27047 | Shoals:1 | 27047 ||| INVOKING Heroism.
 27193 | Shoals:1 | 27193 ||| INVOKING Heroism.
 27248 | Shoals:1 | 27248 ||| INVOKING Heroism.
 27525 | Shoals:1 | 27525 ||| UPGRADING to +2 helmet "Bifit" {rCorr Str+6
                  | Stlth+}.
 27535 | Shoals:1 | 27535 ||| DROPPING +2 helmet.
 27536 | Shoals:1 | 27536 ||| DROPPING +2 hat of Elitism {Str+6 Stlth+}.
 27595 | Shoals:2 | 27595 ||| INVOKING Heroism.
 27661 | Shoals:2 | 27661 ||| Stepping ~*~*~tactically~*~*~ (hiding).
 27662 | Shoals:2 | 27662 ||| Stepping ~*~*~tactically~*~*~ (hiding).
 27672 | Shoals:2 | 27672 ||| Stepping ~*~*~tactically~*~*~ (stealth).
 27741 | Shoals:2 | 27741 ||| Stepping ~*~*~tactically~*~*~ (hiding).
 27742 | Shoals:2 | 27742 ||| Stepping ~*~*~tactically~*~*~ (hiding).
 27756 | Shoals:2 | 27756 ||| INVOKING Heroism.
 27831 | Shoals:2 | 27831 ||| INVOKING Heroism.
 27832 | Shoals:2 | 27832 ||| INVOKING Finesse.
 27978 | Shoals:2 | 27978 ||| INVOKING Heroism.
 28015 | Shoals:2 | 28015 ||| INVOKING Heroism.
 28025 | Shoals:2 | Identified the +6 crystal plate armour of the Will of the
                  | Gods {Rampage rPois rF- Str+3} (Okawaru gifted it to you on
                  | level 2 of the Shoals)
 28025 | Shoals:2 | Received a gift from Okawaru
 28041 | Shoals:2 | 28041 ||| INVOKING Finesse.
 28157 | Shoals:2 | Found Quuken Noso's Magic Scroll Emporium.
 28166 | Shoals:2 | 28166 ||| BUYING scroll of brand weapon (142 gold).
 28166 | Shoals:2 | Bought a scroll of brand weapon for 142 gold pieces
 28166 | Shoals:2 | 28166 ||| BUYING scroll of teleportation (45 gold).
 28166 | Shoals:2 | Bought a scroll of teleportation for 45 gold pieces
 28166 | Shoals:2 | 28166 ||| BUYING scroll of teleportation (45 gold).
 28166 | Shoals:2 | Bought a scroll of teleportation for 45 gold pieces
 28166 | Shoals:2 | 28166 ||| BUYING scroll of teleportation (45 gold).
 28166 | Shoals:2 | Bought a scroll of teleportation for 45 gold pieces
 28479 | Shoals:2 | 28479 ||| UPGRADING to +6 crystal plate armour of the Will
                  | of the Gods {Rampage rPois rF- Str+3}.
 28489 | Shoals:2 | 28489 ||| DROPPING +0 plate armour.
 28542 | Shoals:3 | 28542 ||| INVOKING Heroism.
 28581 | Shoals:3 | Reached skill level 13 in Armour
 28660 | Shoals:3 | 28660 ||| Stepping ~*~*~tactically~*~*~ (hiding).
 28696 | Shoals:3 | 28696 ||| INVOKING Heroism.
 28715 | Shoals:3 | Reached skill level 14 in Armour
 28760 | Shoals:3 | 28760 ||| Stepping ~*~*~tactically~*~*~ (stealth).
 28764 | Shoals:3 | 28764 ||| INVOKING Heroism.
 28810 | Shoals:3 | 28810 ||| INVOKING Finesse.
 28811 | Shoals:3 | 28811 ||| Stepping ~*~*~tactically~*~*~ (hiding).
 28817 | Shoals:3 | 28817 ||| INVOKING Heroism.
 28928 | Shoals:3 | 28928 ||| INVOKING Heroism.
 28929 | Shoals:3 | 28929 ||| INVOKING Finesse.
 28991 | Shoals:3 | Noticed Ilsuiw
 28992 | Shoals:3 | 28992 ||| INVOKING Heroism.
 28993 | Shoals:3 | 28993 ||| INVOKING Finesse.
 29010 | Shoals:3 | Killed Ilsuiw
 29033 | Shoals:3 | 29033 ||| INVOKING Heroism.
 29091 | Shoals:3 | 29091 ||| INVOKING Heroism.
 29103 | Shoals:3 | Reached skill level 15 in Armour
 29112 | Shoals:3 | Reached XP level 18. HP: 114/114 MP: 22/22
 29123 | Shoals:3 | 29123 ||| DROPPING +7 mace of Cruel Justice {spect, rPois
                  | rCorr SInv}.
 29124 | Shoals:3 | 29124 ||| DROPPING +2 morningstar of draining.
 29174 | Shoals:3 | 29174 ||| Stepping ~*~*~tactically~*~*~ (stealth).
 29178 | Shoals:3 | 29178 ||| INVOKING Heroism.
 29201 | Shoals:3 | 29201 ||| Stepping ~*~*~tactically~*~*~ (hiding).
 29312 | Shoals:3 | 29312 ||| INVOKING Heroism.
 29570 | Shoals:3 | 29570 ||| INVOKING Heroism.
 29572 | Shoals:3 | 29572 ||| INVOKING Finesse.
 29676 | Shoals:3 | 29676 ||| PLANNING SNAKE:4
 29835 | Snake:4  | Entered Level 4 of the Snake Pit
 29882 | Snake:4  | Noticed Aizul
 29883 | Snake:4  | 29883 ||| Stepping ~*~*~tactically~*~*~ (hiding).
 29884 | Snake:4  | 29884 ||| INVOKING Heroism.
 29885 | Snake:4  | 29885 ||| INVOKING Finesse.
 29898 | Snake:4  | Killed Aizul
 29948 | Snake:4  | 29948 ||| Stepping ~*~*~tactically~*~*~ (hiding).
 29949 | Snake:4  | 29949 ||| Stepping ~*~*~tactically~*~*~ (hiding).
 29957 | Snake:4  | Reached skill level 16 in Armour
 29964 | Snake:4  | 29964 ||| Stepping ~*~*~tactically~*~*~ (stealth).
 29992 | Snake:4  | 29992 ||| INVOKING Heroism.
 30093 | Snake:4  | 30093 ||| Stepping ~*~*~tactically~*~*~ (hiding).
 30098 | Snake:4  | 30098 ||| INVOKING Heroism.
 30250 | Snake:4  | 30250 ||| Stepping ~*~*~tactically~*~*~ (stealth).
 30254 | Snake:4  | 30254 ||| INVOKING Heroism.
 30270 | Snake:4  | 30270 ||| Stepping ~*~*~tactically~*~*~ (hiding).
 30278 | Snake:4  | 30278 ||| Stepping ~*~*~tactically~*~*~ (hiding).
 30281 | Snake:4  | 30281 ||| Stepping ~*~*~tactically~*~*~ (hiding).
 30305 | Snake:4  | 30305 ||| INVOKING Heroism.
 30335 | Snake:4  | Identified the +0 kite shield of Zurunilomm {rPois Dex+3}
                  | (Okawaru gifted it to you on level 4 of the Snake Pit)
 30335 | Snake:4  | Received a gift from Okawaru
 30341 | Snake:4  | 30341 ||| INVOKING Heroism.
 30386 | Snake:4  | 30386 ||| INVOKING Heroism.
 30389 | Snake:4  | Reached skill level 18 in Axes
 30426 | Snake:4  | 30426 ||| INVOKING Heroism.
 30589 | Snake:4  | Got a serpentine rune of Zot
 30876 | Snake:4  | Found a runed translucent door.
 30877 | Snake:4  | Found a shimmering altar of Xom.
 30877 | Snake:4  | Noticed Zoimialu's ghost (adept OpHW)
 30881 | Snake:4  | 30881 ||| PLANNING VAULTS:1-4
 31219 | Vaults:1 | Entered Level 1 of the Vaults
 31259 | Vaults:1 | 31259 ||| INVOKING Heroism.
 31389 | Vaults:1 | Found Qat Asal's Assorted Antiques.
 31397 | Vaults:1 | 31397 ||| SHOPLISTING shiny plate armour (884 gold, have
                  | 546).
 31461 | Vaults:1 | 31461 ||| INVOKING Heroism.
 31534 | Vaults:1 | 31534 ||| INVOKING Heroism.
 31535 | Vaults:1 | 31535 ||| INVOKING Finesse.
 31555 | Vaults:1 | Reached skill level 18 in Shields
 31804 | Vaults:1 | Received a gift from Okawaru
 31845 | Vaults:1 | Reached XP level 19. HP: 121/121 MP: 23/23
 31975 | Vaults:1 | 31975 ||| INVOKING Heroism.
 32015 | Vaults:1 | 32015 ||| Stepping ~*~*~tactically~*~*~ (stealth).
 32049 | Vaults:1 | Reached skill level 17 in Armour
 32069 | Vaults:1 | 32069 ||| INVOKING Heroism.
 32070 | Vaults:1 | 32070 ||| INVOKING Finesse.
 32071 | Vaults:1 | 32071 ||| INVOKING Finesse.
 32414 | Vaults:2 | 32414 ||| Stepping ~*~*~tactically~*~*~ (hiding).
 32443 | Vaults:2 | 32443 ||| Stepping ~*~*~tactically~*~*~ (hiding).
 32445 | Vaults:2 | 32445 ||| Stepping ~*~*~tactically~*~*~ (hiding).
 32496 | Vaults:2 | 32496 ||| INVOKING Heroism.
 32570 | Vaults:2 | 32570 ||| Stepping ~*~*~tactically~*~*~ (hiding).
 32609 | Vaults:2 | 32609 ||| INVOKING Heroism.
 32624 | Vaults:2 | Reached skill level 18 in Armour
 32817 | Vaults:2 | 32817 ||| INVOKING Heroism.
 32854 | Vaults:2 | 32854 ||| Stepping ~*~*~tactically~*~*~ (stealth).
 32858 | Vaults:2 | 32858 ||| Stepping ~*~*~tactically~*~*~ (hiding).
 33049 | Vaults:2 | Found Feunudoo's Antique Armour Shop.
 33070 | Vaults:2 | 33070 ||| Stepping ~*~*~tactically~*~*~ (stealth).
 33086 | Vaults:2 | 33086 ||| INVOKING Heroism.
 33089 | Vaults:2 | Received a gift from Okawaru
 33096 | Vaults:2 | Reached skill level 15 in Fighting
 33141 | Vaults:2 | 33141 ||| FLEEEEING.
 33142 | Vaults:2 | 33142 ||| FLEEEEING.
 33143 | Vaults:2 | 33143 ||| FLEEEEING.
 33144 | Vaults:2 | 33144 ||| FLEEEEING.
 33145 | Vaults:2 | 33145 ||| FLEEEEING.
 33146 | Vaults:2 | 33146 ||| FLEEEEING.
 33147 | Vaults:2 | 33147 ||| FLEEEEING.
 33148 | Vaults:2 | 33148 ||| FLEEEEING.
 33149 | Vaults:2 | 33149 ||| FLEEEEING.
 33150 | Vaults:2 | 33150 ||| FLEEEEING.
 33151 | Vaults:2 | 33151 ||| FLEEEEING.
 33152 | Vaults:2 | 33152 ||| FLEEEEING.
 33153 | Vaults:2 | 33153 ||| FLEEEEING.
 33154 | Vaults:2 | 33154 ||| FLEEEEING.
 33167 | Vaults:2 | 33167 ||| INVOKING Heroism.
 33190 | Vaults:2 | Received a gift from Okawaru
 33444 | Vaults:2 | 33444 ||| INVOKING Heroism.
 33445 | Vaults:2 | 33445 ||| INVOKING Finesse.
 33551 | Vaults:2 | 33551 ||| Stepping ~*~*~tactically~*~*~ (stealth).
 33552 | Vaults:2 | 33552 ||| FLEEEEING.
 33553 | Vaults:2 | 33553 ||| FLEEEEING.
 33555 | Vaults:2 | 33555 ||| FLEEEEING.
 33561 | Vaults:2 | 33561 ||| FLEEEEING.
 33562 | Vaults:2 | 33562 ||| FLEEEEING.
 33563 | Vaults:2 | 33563 ||| FLEEEEING.
 33567 | Vaults:2 | 33567 ||| FLEEEEING.
 33568 | Vaults:2 | 33568 ||| FLEEEEING.
 33569 | Vaults:2 | 33569 ||| FLEEEEING.
 33570 | Vaults:2 | 33570 ||| FLEEEEING.
 33571 | Vaults:2 | 33571 ||| FLEEEEING.
 33572 | Vaults:2 | 33572 ||| FLEEEEING.
 33573 | Vaults:2 | 33573 ||| FLEEEEING.
 33670 | Vaults:2 | 33670 ||| FLEEEEING.
 33671 | Vaults:2 | 33671 ||| FLEEEEING.
 33672 | Vaults:2 | 33672 ||| FLEEEEING.
 33673 | Vaults:2 | 33673 ||| FLEEEEING.
 33674 | Vaults:2 | 33674 ||| FLEEEEING.
 33675 | Vaults:2 | 33675 ||| FLEEEEING.
 33676 | Vaults:2 | 33676 ||| FLEEEEING.
 33677 | Vaults:2 | 33677 ||| FLEEEEING.
 33678 | Vaults:2 | 33678 ||| FLEEEEING.
 33679 | Vaults:2 | 33679 ||| FLEEEEING.
 33680 | Vaults:2 | 33680 ||| FLEEEEING.
 33681 | Vaults:2 | 33681 ||| FLEEEEING.
 33682 | Vaults:2 | 33682 ||| FLEEEEING.
 33683 | Vaults:2 | 33683 ||| FLEEEEING.
 33684 | Vaults:2 | 33684 ||| FLEEEEING.
 33685 | Vaults:2 | 33685 ||| FLEEEEING.
 33686 | Vaults:2 | 33686 ||| FLEEEEING.
 33687 | Vaults:2 | 33687 ||| FLEEEEING.
 33688 | Vaults:2 | 33688 ||| FLEEEEING.
 33689 | Vaults:2 | 33689 ||| FLEEEEING.
 33690 | Vaults:2 | 33690 ||| FLEEEEING.
 33691 | Vaults:2 | 33691 ||| FLEEEEING.
 33692 | Vaults:2 | 33692 ||| FLEEEEING.
 33693 | Vaults:2 | 33693 ||| FLEEEEING.
 33694 | Vaults:2 | 33694 ||| FLEEEEING.
 33695 | Vaults:2 | 33695 ||| FLEEEEING.
 33696 | Vaults:2 | 33696 ||| FLEEEEING.
 33697 | Vaults:2 | 33697 ||| FLEEEEING.
 33702 | Vaults:2 | 33702 ||| FLEEEEING.
 33703 | Vaults:2 | 33703 ||| FLEEEEING.
 33704 | Vaults:2 | 33704 ||| FLEEEEING.
 33705 | Vaults:2 | 33705 ||| FLEEEEING.
 33711 | Vaults:2 | 33711 ||| FLEEEEING.
 33712 | Vaults:2 | 33712 ||| FLEEEEING.
 33716 | Vaults:2 | 33716 ||| STAIRDANCE
 33918 | Vaults:1 | 33918 ||| DROPPING +3 plate armour.
 33933 | Vaults:2 | 33933 ||| Stepping ~*~*~tactically~*~*~ (hiding).
 33939 | Vaults:2 | 33939 ||| Stepping ~*~*~tactically~*~*~ (hiding).
 33949 | Vaults:2 | 33949 ||| FLEEEEING.
 33953 | Vaults:2 | 33953 ||| STAIRDANCE
 34031 | Vaults:2 | 34031 ||| Stepping ~*~*~tactically~*~*~ (hiding).
 34211 | Vaults:2 | 34211 ||| READING scroll of enchant armour.
 34211 | Vaults:2 | 34211 ||| ENCHANTING +1 pair of boots.
 34296 | Vaults:2 | Found a runed translucent gate.
 34296 | Vaults:2 | Found a runed translucent gate.
 34296 | Vaults:2 | Found a runed translucent gate.
 34298 | Vaults:2 | Noticed qw's ghost (adept GrFi)
 34395 | Vaults:2 | 34395 ||| Stepping ~*~*~tactically~*~*~ (stealth).
 34397 | Vaults:2 | 34397 ||| INVOKING Heroism.
 34635 | Vaults:2 | Found an iron altar of Okawaru.
 34696 | Vaults:3 | 34696 ||| FLEEEEING.
 34697 | Vaults:3 | 34697 ||| FLEEEEING.
 34698 | Vaults:3 | 34698 ||| FLEEEEING.
 34699 | Vaults:3 | 34699 ||| FLEEEEING.
 34700 | Vaults:3 | 34700 ||| FLEEEEING.
 34705 | Vaults:3 | 34705 ||| STAIRDANCE
 34895 | Vaults:3 | 34895 ||| STAIRDANCE
 35085 | Vaults:3 | 35085 ||| STAIRDANCE
 35299 | Vaults:3 | 35299 ||| INVOKING Heroism.
 35337 | Vaults:3 | 35337 ||| Stepping ~*~*~tactically~*~*~ (stealth).
 35341 | Vaults:3 | 35341 ||| Stepping ~*~*~tactically~*~*~ (hiding).
 35343 | Vaults:3 | 35343 ||| Stepping ~*~*~tactically~*~*~ (hiding).
 35348 | Vaults:3 | 35348 ||| INVOKING Heroism.
 35349 | Vaults:3 | 35349 ||| INVOKING Finesse.
 35426 | Vaults:3 | 35426 ||| Stepping ~*~*~tactically~*~*~ (hiding).
 35427 | Vaults:3 | 35427 ||| Stepping ~*~*~tactically~*~*~ (hiding).
 35439 | Vaults:3 | Reached XP level 20. HP: 131/131 MP: 24/24
 35446 | Vaults:3 | Received a gift from Okawaru
 35486 | Vaults:3 | 35486 ||| INVOKING Heroism.
 35590 | Vaults:3 | 35590 ||| INVOKING Heroism.
 35657 | Vaults:3 | 35657 ||| READING scroll of enchant armour.
 35657 | Vaults:3 | 35657 ||| ENCHANTING +0 cloak.
 35673 | Vaults:3 | Found Zaih's Antique Weapon Shop.
 35728 | Vaults:3 | 35728 ||| Stepping ~*~*~tactically~*~*~ (hiding).
 35967 | Vaults:3 | 35967 ||| READING scroll of enchant weapon.
 35967 | Vaults:3 | 35967 ||| ENCHANTING +6 vampiric broad axe.
 36033 | Vaults:3 | 36033 ||| INVOKING Heroism.
 36432 | Vaults:3 | Found a staircase to the Crypt.
 36432 | Vaults:3 | Found a basalt altar of Yredelemnul.
 36432 | Vaults:3 | Found an ancient bone altar of Kikubaaqudgha.
 36670 | Vaults:3 | 36670 ||| UPGRADING to +2 pair of gloves.
 36680 | Vaults:3 | 36680 ||| DROPPING ring of fire.
 36752 | Vaults:4 | Found Gozag's Antique Armour Shoppe.
 36770 | Vaults:4 | Reached skill level 19 in Armour
 36771 | Vaults:4 | 36771 ||| INVOKING Heroism.
 36797 | Vaults:4 | 36797 ||| INVOKING Finesse.
 36801 | Vaults:4 | Received a gift from Okawaru
 36827 | Vaults:4 | 36827 ||| Stepping ~*~*~tactically~*~*~ (hiding).
 36832 | Vaults:4 | 36832 ||| INVOKING Heroism.
 36837 | Vaults:4 | 36837 ||| INVOKING Finesse.
 36839 | Vaults:4 | Received a gift from Okawaru
 37023 | Vaults:4 | Found an opulent altar of Gozag.
 37023 | Vaults:4 | Found Gozag's Antique Weapon Shoppe.
 37028 | Vaults:4 | 37028 ||| SHOPLISTING glowing plate armour (2600 gold, have
                  | 1452).
 37037 | Vaults:4 | Found Gozag's Antique Weapon Emporium.
 37140 | Vaults:4 | 37140 ||| Stepping ~*~*~tactically~*~*~ (hiding).
 37158 | Vaults:4 | Paralysed by a great orb of eyes for 4 turns
 37165 | Vaults:4 | Paralysed by a great orb of eyes for 3 turns
 37205 | Vaults:4 | 37205 ||| Stepping ~*~*~tactically~*~*~ (stealth).
 37339 | Vaults:4 | Found a one-way gate to the infinite horrors of the Abyss.
 37339 | Vaults:4 | Noticed Xafer's ghost (adept DsGl)
 37359 | Vaults:4 | Found a transporter.
 37377 | Vaults:4 | Found a transporter.
 37424 | Vaults:4 | 37424 ||| INVOKING Heroism.
 37432 | Vaults:4 | 37432 ||| Stepping ~*~*~tactically~*~*~ (stealth).
 37446 | Vaults:4 | Identified the +6 scale mail "Tiqiuralycw" {Slay+4}
                  | (Okawaru gifted it to you on level 4 of the Vaults)
 37446 | Vaults:4 | Received a gift from Okawaru
 37514 | Vaults:4 | 37514 ||| Stepping ~*~*~tactically~*~*~ (hiding).
 37520 | Vaults:4 | 37520 ||| INVOKING Heroism.
 37522 | Vaults:4 | 37522 ||| Stepping ~*~*~tactically~*~*~ (hiding).
 37587 | Vaults:4 | 37587 ||| INVOKING Heroism.
 38098 | Vaults:4 | Noticed Bai Suzhen
 38112 | Vaults:4 | Killed Bai Suzhen
 38113 | Vaults:4 | 38113 ||| Stepping ~*~*~tactically~*~*~ (cloud).
 38183 | Vaults:4 | 38183 ||| PLANNING SHOALS:4
 38183 | Vaults:4 | 38183 ||| DROPPING ring of wizardry.
 38556 | Shoals:4 | Entered Level 4 of the Shoals
 38583 | Shoals:4 | 38583 ||| INVOKING Heroism.
 38584 | Shoals:4 | 38584 ||| INVOKING Finesse.
 38671 | Shoals:4 | 38671 ||| INVOKING Heroism.
 38684 | Shoals:4 | 38684 ||| Stepping randomly (cloudy).
 38701 | Shoals:4 | Noticed Louise
 38702 | Abyss:3  | Found a corrupted altar of Lugonu.
 38702 | Abyss:3  | Cast into level 3 of the Abyss (Louise)
 38713 | Abyss:3  | 38713 ||| INVOKING Heroism.
 38762 | Shoals:4 | Escaped the Abyss
 38769 | Shoals:4 | 38769 ||| INVOKING Heroism.
 38783 | Shoals:4 | Killed Louise
 38822 | Shoals:4 | Reached skill level 20 in Armour
 38897 | Shoals:4 | 38897 ||| Stepping ~*~*~tactically~*~*~ (hiding).
 39215 | Shoals:4 | 39215 ||| INVOKING Heroism.
 39321 | Shoals:4 | 39321 ||| INVOKING Heroism.
 39322 | Shoals:4 | 39322 ||| INVOKING Finesse.
 39338 | Shoals:4 | Reached XP level 21. HP: 138/139 MP: 18/25
 39358 | Shoals:4 | Noticed Polyphemus
 39382 | Shoals:4 | Killed Polyphemus
 39421 | Shoals:4 | Got a barnacled rune of Zot
 39461 | Shoals:4 | 39461 ||| Stepping ~*~*~tactically~*~*~ (hiding).
 39514 | Shoals:4 | 39514 ||| Stepping ~*~*~tactically~*~*~ (hiding).
 39515 | Shoals:4 | 39515 ||| Stepping ~*~*~tactically~*~*~ (hiding).
 39519 | Shoals:4 | 39519 ||| INVOKING Heroism.
 39658 | Shoals:4 | 39658 ||| INVOKING Heroism.
 39659 | Shoals:4 | 39659 ||| INVOKING Finesse.
 39743 | Shoals:4 | 39743 ||| PLANNING DEPTHS
 40052 | D:15     | 40052 ||| Stepping ~*~*~tactically~*~*~ (hiding).
 40089 | Depths:1 | Entered Level 1 of the Depths
 40100 | Depths:1 | Reached skill level 9 in Throwing
 40102 | Depths:1 | 40102 ||| Stepping ~*~*~tactically~*~*~ (hiding).
 40104 | Depths:1 | 40104 ||| Stepping ~*~*~tactically~*~*~ (hiding).
 40151 | Depths:1 | 40151 ||| READING scroll of enchant weapon.
 40151 | Depths:1 | 40151 ||| ENCHANTING +7 vampiric broad axe.
 40180 | Depths:1 | 40180 ||| INVOKING Heroism.
 40184 | Depths:1 | 40184 ||| INVOKING Finesse.
 40196 | Depths:1 | Received a gift from Okawaru
 40332 | Depths:1 | 40332 ||| Stepping ~*~*~tactically~*~*~ (hiding).
 40334 | Depths:1 | 40334 ||| Stepping ~*~*~tactically~*~*~ (stealth).
 40340 | Depths:1 | 40340 ||| INVOKING Heroism.
 40357 | Depths:1 | 40357 ||| Stepping ~*~*~tactically~*~*~ (stealth).
 40359 | Depths:1 | 40359 ||| Stepping ~*~*~tactically~*~*~ (stealth).
 40371 | Depths:1 | 40371 ||| INVOKING Finesse.
 40372 | Depths:1 | 40372 ||| INVOKING Finesse.
 40386 | Depths:1 | Reached skill level 18 in Fighting
 40439 | Depths:1 | Found a one-way gateway to a ziggurat.
 40443 | Depths:1 | 40443 ||| INVOKING Heroism.
 40444 | Depths:1 | 40444 ||| INVOKING Finesse.
 40687 | Depths:1 | Found Qyony's CLEARANCE SALE!.
 40692 | Depths:1 | 40692 ||| BUYING scroll of enchant armour (15 gold).
 40692 | Depths:1 | Bought a scroll of enchant armour for 15 gold pieces
 40692 | Depths:1 | 40692 ||| READING scroll of enchant armour.
 40692 | Depths:1 | 40692 ||| ENCHANTING +1 cloak.
 40737 | Depths:1 | 40737 ||| INVOKING Heroism.
 40738 | Depths:1 | 40738 ||| INVOKING Finesse.
 40793 | Depths:1 | 40793 ||| INVOKING Heroism.
 40817 | Depths:1 | 40817 ||| Stepping ~*~*~tactically~*~*~ (cloud).
 40826 | Depths:1 | Found a gateway to Hell.
 41141 | Depths:2 | 41141 ||| INVOKING Heroism.
 41143 | Depths:2 | Paralysed by a sphinx for 2 turns
 41159 | Depths:2 | 41159 ||| INVOKING Finesse.
 41160 | Depths:2 | Noticed a golden dragon
 41173 | Depths:2 | 41173 ||| INVOKING Heroism.
 41184 | Depths:2 | Killed a golden dragon
 41470 | Depths:2 | 41470 ||| Stepping ~*~*~tactically~*~*~ (stealth).
 41471 | Depths:2 | 41471 ||| Stepping ~*~*~tactically~*~*~ (stealth).
 41472 | Depths:2 | 41472 ||| Stepping ~*~*~tactically~*~*~ (stealth).
 41497 | Depths:2 | Identified the +1 cloak of Complete Protection {rPois rC++}
                  | (Okawaru gifted it to you on level 2 of the Depths)
 41497 | Depths:2 | Received a gift from Okawaru
 41520 | Depths:2 | Identified the +2 dagger "Muiheq" {protect, rF+ Dex+4}
 41547 | Depths:2 | 41547 ||| Stepping ~*~*~tactically~*~*~ (hiding).
 41656 | Depths:2 | 41656 ||| INVOKING Heroism.
 41657 | Depths:2 | 41657 ||| INVOKING Finesse.
 41668 | Depths:2 | Identified the ring of the Crushed Defenders {Ice rElec
                  | rPois Dex+2}
 41668 | Depths:2 | Noticed Josephina
 41669 | Depths:2 | 41669 ||| Stepping ~*~*~tactically~*~*~ (stealth).
 41674 | Depths:2 | 41674 ||| Stepping ~*~*~tactically~*~*~ (stealth).
 41690 | Depths:2 | 41690 ||| INVOKING Heroism.
 41706 | Depths:2 | HP: 7/141 [Josephina/staff of cold (62)]
 41706 | Depths:2 | Demolished by Josephina

Levels and vault maps discovered:
D:1:      dpeg_arrival_solitude, layout_loops_corners,
          shapermc_ecumenical_altar_notcrosses
D:2:      layout_basic
D:3:      layout_rooms, makhleb_altar_promises_db, minmay_misc_feat_plants,
          st_stairs_13
D:4:      kb_forest_paths, layout_basic, uniq_ijyb
D:5:      layout_basic, uniq_grinder, uniq_eustachio
D:6:      layout_rooms, nicolae_kikubaaqudgha_miasma_corner,
          nicolae_gozag_zags_fifth_avenue, minmay_temple_entry_poolview,
          biasface_ghost_orc_armoury, minmay_misc_feat_x
D:7:      layout_basic, okawaru_ov_weapons_minmay
D:8:      layout_cave_pools, grunt_lair_entry_orc_guard_hut,
          kennysheep_minor_cross, amcnicky_mini_pool_small,
          nicolae_shop_vocational, uniq_maggie, uniq_pikel, uniq_maurice,
          uniq_joseph
D:9:      layout_basic, kennysheep_little_box
D:10:     layout_loops_ring, nicolae_ashenzari_skybound,
          cheibrodos_worm_habitat, grunt_livestock, minmay_quadrilaterals,
          uniq_gastronok
D:11:     layout_stronghold
D:12:     layout_basic, david_orc_3, serial_shops,
          nicolae_shop_bloodbath_and_beyond, uniq_azrael
D:13:     layout_long_grid, guppyfry_shop_venom
D:14:     layout_basic, grunt_vaults_entry_tiered,
          hangedman_abyss_or_decor_passed, ebering_ghost_funeral_grove,
          grunt_ministairs_15
D:15:     grunt_enter_depths_hoard, layout_stronghold,
          chequers_serial_rivers_micro_d
Temple:   bh_familiar_temple
Lair:1:   layout_hall_layers
Lair:2:   layout_gridlike, minmay_shoals_entry_lonely_mermaid,
          guppyfry_snake_entry_island, uniq_prince_ribbit2
Lair:3:   layout_cave_pods, grunt_megastairs_2, uniq_sonja
Lair:4:   layout_long_grid, slime_entry_1, serial_bayou_shore_a,
          infiniplex_staircase_pool, wad_woods_river_01
Lair:5:   minmay_lair_end_enchanted_forest, layout_regular_city,
          grunt_megastairs_5
Shoals:1: layout_shoals, centaur_isle, uniq_roxanne
Shoals:2: layout_shoals, serial_shops, shop
Shoals:3: cheibrodos_shoals_oceanic_diplomacy, layout_shoals, uniq_ilsuiw
Shoals:4: shoals_end_grunt_ice, layout_shoals, uniq_louise, uniq_polyphemus
Snake:1:  nicolae_snake_nest, layout_onion_interference,
          ebering_ghost_reflecting_pool, minmay_shoptagon
Snake:2:  layout_onion
Snake:3:  layout_basic, gammafunk_ghost_wrathful_warriors, minmay_shop_grove
Snake:4:  snake_pit, layout_misc_corridors, ebering_ghost_xom, uniq_aizul
Orc:1:    layout_caves, serial_shops, nicolae_shop_competitors_out_of_business
Orc:2:    st_orc_open, layout_caves, serial_shops, shop,
          nicolae_shop_hallway_stairs, nicolae_shop_statue_plus
Vaults:1: nicolae_vaults_rhombus_5, vaults_dpeg_doors, st_hourglassy,
          vaults_room_octagon, dpeg_vaults_monster_row, v_misc_15, v_misc_16,
          v_misc_1, ontoclasm_vaults_hangar, layout_vaults_ring, serial_shops,
          nicolae_shop_waterfront
Vaults:2: gammafunk_ghost_fury_of_okawaru, hangedman_vaults_cutoff,
          ontoclasm_vaults_hangar, v_misc_3, nicolae_vaults_triangles,
          vaults_dpeg_diagonal, hangedman_vaults_restitches,
          layout_vaults_omnigrid, serial_shops, shop
Vaults:3: nicolae_vaults_hallways_thing, minmay_crypt_entry_necro_gods,
          ontoclasm_vaults_hangar, nicolae_vaults_network_square,
          vaults_room_pool, ontoclasm_vaults_ring_small, v_misc_12,
          layout_vaults_chaotic_city, serial_shops, shop
Vaults:4: gammafunk_ghost_abyssal_escape, vaults_room_fancy_cross,
          kennysheep_vaults_gozag_temple, nicolae_vaults_mini_display_case,
          vaults_room_pool, v_misc_17, v_misc_19, vaults_mumra_lcd,
          nicolae_vaults_windows_and_doors_thing, nicolae_vaults_angled_halls,
          layout_vaults_omnicross, uniq_bai_suzhen
Depths:1: layout_honeycomb, enter_ziggurat_a, pf_coc_iceberg,
          kennysheep_decorative_pillar, grunt_ministairs_12, drop_trap,
          minivault_11, nicolae_shop_clearance
Depths:2: minmay_isolated_rectangles_in_corner, layout_cave_pools, hell_entry,
          grunt_decor_resistance, grunt_pan_entry_sceptre,
          kennysheep_generic_room_10, firewood_loft, minmay_staircase_statues,
          uniq_josephina

Skill      XL: |  1  2  3  4  5  6  7  8  9 10 11 12 13 14 15 16 17 18 19 20 21 |
---------------+----------------------------------------------------------------+-----
Axes           | 2 3 4 5 6 7 9 10 11 12 13 15 16 17 18 | 18.0
Fighting       | 4 5 6 7 8 9 10 11 12 13 14 15 17 18 | 18.0
Dodging        | 1 2 3 4 5 |  5.0
Throwing       | 1 2 3 4 5 7 8 10 | 10.0
Shields        | 4 5 6 7 10 15 17 18 19 | 19.7
Armour         | 5 7 9 10 11 12 15 16 18 20 | 20.4
Invocations    | 4 8 10 | 10.0

Action                   |  1- 3 |  4- 6 |  7- 9 | 10-12 | 13-15 | 16-18 | 19-21 || total
-------------------------+-------+-------+-------+-------+-------+-------+-------++-------
Melee: War axe           |    86 |   112 |    97 |       |       |       |       ||   295
       Broad axe         |       |       |   163 |   433 |  1286 |  1426 |  1358 ||  4666
       Morningstar       |       |       |       |       |     7 |       |       ||     7
Throw: Boomerang         |     4 |       |    67 |    61 |   105 |     7 |    65 ||   309
       Javelin           |       |       |       |    13 |    42 |    31 |    80 ||   166
Invok: Heroism           |       |       |     3 |    22 |    49 |    47 |    36 ||   157
       Finesse           |       |       |       |     3 |     7 |    10 |    14 ||    34
  Use: Scroll            |     3 |     6 |     5 |     9 |    14 |     3 |     5 ||    45
       Potion            |     1 |       |     3 |     1 |     2 |       |       ||     7
 Stab: Distracted        |       |       |       |       |     1 |       |       ||     1
Armor: Scale mail        |    30 |    41 |    87 |       |       |       |       ||   158
       Plate armour      |       |       |    69 |   200 |   502 |   219 |       ||   990
       Crystal plate arm |       |       |       |       |       |   182 |   333 ||   515
Dodge: Dodged            |    29 |    30 |    80 |   101 |   317 |   468 |   294 ||  1319
Block: Buckler           |    21 |    30 |   123 |   171 |   290 |       |       ||   635
       Reflection        |       |       |     4 |    12 |    33 |   263 |    45 ||   357
       Tower shield      |       |       |       |       |   672 |  1839 |  1073 ||  3584

Table legend:
 A = Non-vault XP
 B = Vault XP
 C = Vault XP percentage of total XP
 D = Non-vault monster count
 E = Vault monster count
 F = Vault count percentage of total count
                 A         B        C        D         E       F
            +---------+---------+-------+---------+---------+-------
      Total |  381326 |  180273 |  32.1 |     968 |     350 |  26.6
            +---------+---------+-------+---------+---------+-------
        D:1 |      19 |       0 |   0.0 |      12 |       0 |   0.0
        D:2 |      42 |       0 |   0.0 |      15 |       0 |   0.0
        D:3 |      43 |       0 |   0.0 |      14 |       0 |   0.0
        D:4 |     259 |      46 |  15.1 |      22 |       7 |  24.1
        D:5 |     795 |     509 |  39.0 |      18 |       2 |  10.0
        D:6 |     728 |       0 |   0.0 |      20 |       0 |   0.0
        D:7 |     702 |       0 |   0.0 |      10 |       0 |   0.0
        D:8 |    1134 |    2845 |  71.5 |      32 |      10 |  23.8
        D:9 |    1324 |       0 |   0.0 |      12 |       0 |   0.0
       D:10 |    5305 |    3287 |  38.3 |      34 |      13 |  27.7
       D:11 |    1053 |       0 |   0.0 |       3 |       0 |   0.0
       D:12 |    5605 |    1944 |  25.8 |      20 |      12 |  37.5
       D:13 |    4278 |     785 |  15.5 |       7 |       1 |  12.5
       D:14 |    5553 |    9581 |  63.3 |      13 |      27 |  67.5
       D:15 |    9349 |     923 |   9.0 |      15 |       1 |   6.2
     Lair:1 |    4244 |       0 |   0.0 |      14 |       0 |   0.0
     Lair:2 |   12225 |    1916 |  13.5 |      35 |       8 |  18.6
     Lair:3 |    1092 |    2427 |  69.0 |       3 |       7 |  70.0
     Lair:4 |    6841 |     904 |  11.7 |      32 |       4 |  11.1
     Lair:5 |    6051 |   11466 |  65.5 |      25 |      52 |  67.5
   Shoals:1 |   15861 |    2998 |  15.9 |      31 |       7 |  18.4
   Shoals:2 |   24544 |       0 |   0.0 |      51 |       0 |   0.0
   Shoals:3 |   32899 |    8117 |  19.8 |      62 |      15 |  19.5
   Shoals:4 |   16642 |   22575 |  57.6 |      37 |      33 |  47.1
    Snake:1 |    7246 |       0 |   0.0 |      13 |       0 |   0.0
    Snake:2 |   17130 |       0 |   0.0 |      35 |       0 |   0.0
    Snake:3 |   14589 |       0 |   0.0 |      30 |       0 |   0.0
    Snake:4 |   19005 |   20857 |  52.3 |      37 |      31 |  45.6
      Orc:1 |    3469 |       0 |   0.0 |      38 |       0 |   0.0
      Orc:2 |    2881 |   14918 |  83.8 |      34 |      37 |  52.1
   Vaults:1 |   23087 |   16557 |  41.8 |      34 |      20 |  37.0
   Vaults:2 |   48673 |   11440 |  19.0 |      68 |      16 |  19.0
   Vaults:3 |   20887 |    6026 |  22.4 |      36 |       8 |  18.2
   Vaults:4 |   23401 |   24549 |  51.2 |      34 |      24 |  41.4
   Depths:1 |   25640 |    1680 |   6.1 |      30 |       2 |   6.2
   Depths:2 |    7132 |   13923 |  66.1 |       9 |      13 |  59.1
    Abyss:2 |    6816 |       0 |   0.0 |      26 |       0 |   0.0
    Abyss:3 |    4782 |       0 |   0.0 |       7 |       0 |   0.0
            +---------+---------+-------+---------+---------+-------
